 Dungeon Crawl Stone Soup version 0.29.0-4-gdea44cf6ec (webtiles) character file.

Game seed: 2974941437081213615

185809 qw the Wrestler (level 18, -23/170 HPs)
             Began as a Ghoul Fire Elementalist on Aug 29, 2022.
             Was an Elder of Okawaru.
             Annihilated by an emperor scorpion (31 damage)
             ... on level 4 of the Spider Nest.
             The game lasted 00:28:26 (31225 turns).

qw the Wrestler (Ghoul Fire Elementalist)          Turns: 31225, Time: 00:28:27

Health: -23/170    AC: 31    Str: 26    XL:     18   Next: 45%
Magic:  24/24      EV: 14    Int: 10    God:    Okawaru [****..]
Gold:   2577       SH: 15    Dex:  9    Spells: 19/20 levels left

rFire   + + +      SeeInvis +     - Unarmed
rCold   + . .      Faith    .   p - +3 warlock's mirror {reflect}
rNeg    + + +      Spirit   .   j - +7 plate armour "Ihirgh" {Str+2}
rPois   inf        Reflect  +   z - +1 helmet of Indomitability {rF++ Slay+2}
rElec   .          Harm     .   e - scarf {rC+ rF+}
rCorr   .          Rampage  .   o - +0 pair of gloves of Inference {rF+ rC- Regen+}
Will    +....                   n - +0 pair of boots of the Shore {rF- Regen+ Str+4}
Stlth   ..........              h - amulet of reflection
HPRegen 0.00/turn               x - ring of see invisible
MPRegen 0.19/turn               g - +4 ring of evasion

@: about to teleport, heroic, inhibited regen
A: claws 1, cold resistance 1, negative energy resistance 3, inhibited
regeneration, torment resistance 2, devour on kill
a: Renounce Religion, Heroism, Finesse


You were on level 4 of the Spider Nest.
You worshipped Okawaru.
Okawaru was greatly pleased with you.
You visited 6 branches of the dungeon, and saw 30 of its levels.

You collected 3258 gold pieces.
You spent 681 gold pieces at shops.


Innate Abilities, Weirdness & Mutations

You are immune to poison.
You have sharp fingernails.
Your flesh is cold resistant. (rC+)
You are immune to negative energy. (rN+++)
You do not regenerate when monsters are visible.
You are immune to unholy pain and torment.
You thrive by killing the living.


   Skills:
 + Level 17.5(22.5) Fighting
 - Level 8.0(13.0) Throwing
 - Level 12.0(17.0) Armour
 - Level 5.0(10.0) Dodging
 - Level 2.1(7.1) Stealth
 - Level 8.2(13.2) Shields
 - Level 22.0(27) Unarmed Combat
 - Level 1.7 Spellcasting
 - Level 0.7 Conjurations
 - Level 2.4 Fire Magic
 - Level 10.0 Invocations


You had 19 spell levels left.
You knew the following spells:

 Your Spells              Type           Power      Damage    Failure   Level
a - Foxfire               Conj/Fire      16%        2x1d4     75%         1

Your spell library contained the following spells:

 Spells                   Type           Power      Damage    Failure   Level
 Scorch                   Fire           10%        2d6       77%         2
 Conjure Flame            Conj/Fire      4%         6-21      98%         3
 Inner Flame              Hex/Fire       3%         N/A       99%         3
 Flame Wave               Conj/Fire      4%         2d5       100%        4

Inventory:

Missiles
 d - 3 silver boomerangs
 y - 7 javelins (quivered)
 A - 24 boomerangs
 E - 2 boomerangs of dispersal
Armour
 e - a scarf of resistance (worn)
 j - the +7 plate armour "Ihirgh" (worn) {Str+2}
   (Okawaru gifted it to you on level 14 of the Dungeon)

   Str:       It affects your strength (+2).
 k - a +0 cloak
 n - the +0 pair of boots of the Shore (worn) {rF- Regen+ Str+4}
   (You found it on level 5 of the Dungeon)

   Str:       It affects your strength (+4).
   rF:        It makes you vulnerable to fire.
   Regen:     It increases your rate of health regeneration.
 o - the +0 pair of gloves of Inference (worn) {rF+ rC- Regen+}
   (Okawaru gifted it to you on level 12 of the Dungeon)

   rF:        It protects you from fire.
   rC:        It makes you vulnerable to cold.
   Regen:     It increases your rate of health regeneration.
 p - the +3 warlock's mirror (worn) {reflect}
   (You acquired it on level 10 of the Dungeon)

   It can block and reflect piercing ranged attacks and magical attacks against
   the wielder's willpower.
 s - a +0 pair of boots
 z - the +1 helmet of Indomitability (worn) {rF++ Slay+2}
   (You acquired it on level 15 of the Dungeon)

   Slay:      It affects your accuracy & damage with ranged weapons and melee
   (+2).
   rF:        It greatly protects you from fire.
 B - a +0 pair of gloves
 C - a +2 buckler of fire resistance
 G - a +0 helmet of see invisible
Jewellery
 g - a +4 ring of evasion (right hand)
 h - an amulet of reflection (around neck)
 l - a ring of protection from fire
 m - a ring of protection from fire
 q - a ring of fire
 v - a +6 ring of strength
 x - a ring of see invisible (left hand)
Scrolls
 a - 3 scrolls of enchant armour
 c - 7 scrolls of teleportation
 i - 11 scrolls of identify
 u - 2 scrolls of enchant weapon
 w - a scroll of brand weapon
Potions
 b - a potion of mutation
 f - 15 potions of curing
 r - 5 potions of might
 t - 4 potions of haste
 D - a potion of cancellation

Dungeon Overview and Level Annotations

Branches:
Dungeon (15/15)            Temple (1/1) D:4            Lair (5/5) D:9
 Shoals (3/4) Lair:2       Spider (4/4) Lair:3        Slime (0/5) Lair:5
    Orc (2/2) D:12            Elf (0/3) Orc:2        Vaults (0/5) D:13
 Depths (0/4) D:15

Altars:
Ashenzari
Cheibriados
Dithmenos
Fedhas
Gozag
Hepliaklqana
Kikubaaqudgha
Makhleb
Nemelex Xobeh
Okawaru
Qazlal
Ru
Sif Muna
Trog
Uskayaw
Vehumet
Wu Jian
Xom
Yredelemnul

Shops:
D:4 (   Orc:2 ![*(   Shoals:2 [

Annotations:
D:5 1 runed translucent door, Crazy Yiuf
D:11 2 runed translucent doors
Lair:5 1 runed translucent door
Shoals:2 1 runed translucent door, popps's ghost, adept GrFi
Spider:1 3 runed translucent doors, qw's ghost, adept TeWr


Message History

You kill the moth of wrath!
Okawaru accepts your kill.
You feel better. The emperor scorpion stings you!!
You block the emperor scorpion's attack.
The emperor scorpion claws you but does no damage.
The orb spider begins to weave its threads into a brightly glowing ball.
31221 ||| READING 8 scrolls of teleportation.
As you read the scroll of teleportation, it crumbles to dust.
You feel strangely unstable. The emperor scorpion barely misses you.
You block the emperor scorpion's attack. x2
The emperor scorpion stings you!!
The emperor scorpion claws you but does no damage.
The emperor scorpion completely misses you.
You block the emperor scorpion's attack.
The emperor scorpion closely misses you.
The emperor scorpion claws you but does no damage.
An emperor scorpion comes into view.
You closely miss the emperor scorpion.
The emperor scorpion is severely wounded.
The orb spider weaves a glowing orb of energy.
The emperor scorpion misses you.
You block the emperor scorpion's attack. x2
An orb of destruction comes into view.
You hit the emperor scorpion but do no damage.
The emperor scorpion is severely wounded.
The emperor scorpion stings you.
The emperor scorpion claws you but does no damage.
You block the emperor scorpion's attack.
The emperor scorpion stings you but does no damage.
You block the emperor scorpion's attack.
The emperor scorpion closely misses you.
You pound the emperor scorpion into fine dust!!!
The emperor scorpion is almost dead.
The wavering orb of destruction hits the emperor scorpion!!!
You barely miss the emperor scorpion.
The emperor scorpion is almost dead.
The emperor scorpion stings you!!
You die...

^#...##......####................
###########.## ##^..^.#.........
#### ####### ##^.......^.##..
#^.####%.#############..........#
~......%.........## ##....#....#
....^..%....~~%~..## ##...^...^.
~~########....^....## ###.......
### #####^^....# ###.....
###@...# ##...## #ss0s# #....%.
#s^..# #..#... ## ...### ##.....#
^# ^#### #......# .s..# .#
#....... ##..... ## #...#^...
#~.. ...^##.... ## ...# #####


You could see 3 emperor scorpions and an orb spider.

Vanquished Creatures
  Kirke (Lair:4)
  Ilsuiw (Shoals:2)
  3 emperor scorpions
  2 ghost moths
  2 broodmothers (Spider:3)
  5 entropy weavers
  Nessos (Orc:2)
  7 spark wasps
  3 merfolk javelineers
  2 merfolk impalers
  An ettin (Orc:2)
  Josephine (Shoals:1)
  A fire dragon (D:15)
  5 hydras
  4 radroaches
  5 boulder beetles
  4 ogre magi
  2 merfolk avatars
  2 jorogumos
  An anaconda (Lair:5)
  16 two-headed ogres
  3 merfolk aquamancers
  2 catoblepae (Shoals:2)
  5 centaur warriors
  A satyr (Shoals:3)
  An iron troll (Orc:2)
  4 sun moths
  5 pharaoh ants
  11 sea snakes
  5 skeletal warriors (D:12)
  9 orb spiders
  9 steelbarb worms
  A deep troll (Orc:2)
  A necromancer (D:15)
  3 orc knights
  A harpy (shapeshifter) (D:12)
  A wolf spider zombie (D:15)
  2 lindwurms (Lair:5)
  10 manticores
  4 deep elf pyromancers (D:15)
  A deep elf zephyrmancer (D:15)
  12 ugly things
  Pikel (D:8)
  6 moths of wrath
  13 wolf spiders
  10 harpies
  10 fauns
  11 cyclopes
  10 merfolk sirens
  7 elephants
  A naga mage (D:15)
  3 black mambas
  7 water nymphs
  3 demonic crawlers
  4 gargoyles
  6 cane toads
  A centaur skeleton (D:15)
  9 torpor snails
  3 unseen horrors
  5 yaktaurs (D:13)
  4 kobold demonologists
  5 rime drakes
  8 komodo dragons
  A freezing wraith (D:15)
  24 merfolk
  14 trolls
  13 polar bears
  3 tyrant leeches (Lair:5)
  8 hornets (Lair:5)
  2 wind drakes (Shoals:2)
  9 meliai
  9 tarantellas
  12 dream sheep
  Prince Ribbit (D:9)
  2 raiju (Lair:5)
  10 blink frogs
  7 slime creatures
  Grinder (D:6)
  6 snapping turtles
  14 culicivoras
  A centaur simulacrum (D:15)
  4 shadows
  22 jumping spiders
  8 wraiths
  4 wyverns
  4 vampires
  4 hogs (Lair:4)
  44 yaks
  37 redbacks
  12 water elementals
  4 basilisks
  A steam dragon (D:9)
  A human (shapeshifter) (D:15)
  9 vampire mosquitoes
  6 wargs
  Edmund (D:5)
  15 hell hounds (Lair:5)
  3 acid dragons
  17 water moccasins
  2 ice beasts (D:6)
  10 orc warriors
  2 sky beasts
  16 black bears
  23 ogres
  23 wolves
  11 centaurs
  3 phantoms
  3 lemures (D:8)
  10 bullfrogs
  5 kobold brigands
  A necrophage (D:5)
  4 scorpions
  A gnoll sergeant (D:13)
  A wyvern zombie (D:7)
  10 wights
  12 killer bees
  5 howler monkeys
  An electric eel (Spider:4)
  6 centaur zombies (D:7)
  A hound (D:4)
  6 orc priests
  7 iguanas
  7 orc wizards
  A killer bee zombie (D:7)
  A howler monkey zombie (D:7)
  12 gnolls
  10 adders
  2 white imps
  An ufetubus (D:4)
  A worm (D:2)
  8 dart slugs
  42 orcs
  4 bats
  11 endoplasms
  5 giant cockroaches
  4 hobgoblins
  3 jackals (D:3)
  4 quokkas
  8 ball pythons
  2 frilled lizards
  5 goblins
  24 kobolds
  7 rats
945 creatures vanquished.

Vanquished Creatures (others)
  48 fungi
  76 plants
  4 withered plants (D:7)
128 creatures vanquished.

Grand Total: 1073 creatures vanquished

Notes
Turn   | Place    | Note
-------+----------+-------------------------------------------
     0 | D:1      | qw the Ghoul Fire Elementalist began the quest for the Orb.
     0 | D:1      | Reached XP level 1. HP: 14/14 MP: 2/2
     0 | D:1      | 0 ||| qw: Version: 0.1-a-90-g952f4b7
     0 | D:1      | 0 ||| qw: Game counter: 3933
     0 | D:1      | 0 ||| qw: Always use a shield: true
     0 | D:1      | 0 ||| qw: God list: Okawaru
     0 | D:1      | 0 ||| qw: Allow faded altars: false
     0 | D:1      | 0 ||| qw: Do Orc after D:15 true
     0 | D:1      | 0 ||| qw: Do second Lair branch before Depths: true
     0 | D:1      | 0 ||| qw: Lair rune preference: random
     0 | D:1      | 0 ||| qw: Plans: Normal
     0 | D:1      | 0 ||| PLANNING D:1-11
    20 | D:1      | 20 ||| Stepping ~*~*~tactically~*~*~ (outnumbered).
    21 | D:1      | 21 ||| Stepping ~*~*~tactically~*~*~ (outnumbered).
    22 | D:1      | 22 ||| Stepping ~*~*~tactically~*~*~ (outnumbered).
    23 | D:1      | 23 ||| Stepping ~*~*~tactically~*~*~ (outnumbered).
    29 | D:1      | HP: 3/14 [kobold/+0 short sword (2)]
   304 | D:1      | Reached skill level 1 in Unarmed Combat
   626 | D:1      | Reached skill level 1 in Fighting
   626 | D:1      | Reached XP level 2. HP: 23/23 MP: 3/3
   706 | D:1      | 706 ||| Stepping ~*~*~tactically~*~*~ (hiding).
  1013 | D:1      | Reached skill level 2 in Unarmed Combat
  1115 | D:1      | Reached XP level 3. HP: 28/28 MP: 4/4
  1431 | D:1      | 1431 ||| UPGRADING to +0 ring mail.
  1441 | D:1      | 1441 ||| DROPPING +0 robe.
  1442 | D:1      | 1442 ||| UPGRADING to scarf of resistance.
  1447 | D:1      | 1447 ||| UPGRADING to +0 scale mail.
  1457 | D:1      | 1457 ||| DROPPING +0 ring mail.
  1458 | D:1      | 1458 ||| READING scroll labelled SAESMI ZUED XEEZ.
  1459 | D:1      | 1459 ||| READING 2 scrolls labelled EQIDAPH HAAS.
  1462 | D:1      | 1462 ||| DROPPING potion of magic.
  1607 | D:2      | Reached skill level 3 in Unarmed Combat
  1784 | D:2      | 1784 ||| Stepping ~*~*~tactically~*~*~ (stealth).
  1785 | D:2      | 1785 ||| Stepping ~*~*~tactically~*~*~ (stealth).
  1804 | D:2      | Reached XP level 4. HP: 30/35 MP: 5/5
  1954 | D:2      | 1954 ||| Stepping ~*~*~tactically~*~*~ (outnumbered).
  1958 | D:2      | HP: 4/35 [gnoll/+0 spear (6)]
  1959 | D:2      | 1959 ||| READING scroll of teleportation.
  1962 | D:2      | Reached skill level 4 in Unarmed Combat
  2665 | D:2      | Reached XP level 5. HP: 37/41 MP: 6/6
  2694 | D:2      | 2694 ||| Stepping ~*~*~tactically~*~*~ (stealth).
  2822 | D:2      | 2822 ||| DROPPING orb of mayhem.
  2823 | D:2      | 2823 ||| UPGRADING to amulet of the acrobat.
  2828 | D:2      | 2828 ||| READING scroll labelled FEUMUWK IKHUCWY.
  2829 | D:2      | 2829 ||| READING scroll labelled KOUSTE PAX.
  2830 | D:2      | 2830 ||| READING 2 scrolls labelled ONURGH JALENLY.
  2831 | D:2      | 2831 ||| READING scroll labelled DIT BAVVOIH.
  2932 | D:2      | 2932 ||| READING scroll labelled DIKLUA QUSIKE.
  3187 | D:3      | 3187 ||| Stepping ~*~*~tactically~*~*~ (outnumbered).
  3293 | D:3      | 3293 ||| Stepping ~*~*~tactically~*~*~ (outnumbered).
  3294 | D:3      | 3294 ||| Stepping ~*~*~tactically~*~*~ (outnumbered).
  3295 | D:3      | 3295 ||| Stepping ~*~*~tactically~*~*~ (outnumbered).
  3296 | D:3      | 3296 ||| Stepping ~*~*~tactically~*~*~ (outnumbered).
  3297 | D:3      | 3297 ||| Stepping ~*~*~tactically~*~*~ (outnumbered).
  3298 | D:3      | 3298 ||| Stepping ~*~*~tactically~*~*~ (outnumbered).
  3310 | D:3      | Found a faded altar of an unknown god.
  3312 | D:3      | 3312 ||| Stepping ~*~*~tactically~*~*~ (stealth).
  3315 | D:3      | 3315 ||| Stepping ~*~*~tactically~*~*~ (outnumbered).
  3590 | D:3      | 3590 ||| FLEEEEING.
  3591 | D:3      | 3591 ||| FLEEEEING.
  3592 | D:3      | 3592 ||| FLEEEEING.
  3593 | D:3      | 3593 ||| FLEEEEING.
  3594 | D:3      | 3594 ||| FLEEEEING.
  3595 | D:3      | 3595 ||| FLEEEEING.
  3596 | D:3      | 3596 ||| FLEEEEING.
  3597 | D:3      | 3597 ||| FLEEEEING.
  3598 | D:3      | 3598 ||| FLEEEEING.
  3599 | D:3      | 3599 ||| FLEEEEING.
  3600 | D:3      | 3600 ||| FLEEEEING.
  3601 | D:3      | 3601 ||| FLEEEEING.
  3602 | D:3      | 3602 ||| FLEEEEING.
  3603 | D:3      | 3603 ||| FLEEEEING.
  3604 | D:3      | 3604 ||| FLEEEEING.
  3605 | D:3      | 3605 ||| FLEEEEING.
  3606 | D:3      | 3606 ||| FLEEEEING.
  3607 | D:3      | 3607 ||| FLEEEEING.
  3608 | D:3      | 3608 ||| FLEEEEING.
  3609 | D:3      | 3609 ||| FLEEEEING.
  3610 | D:3      | 3610 ||| FLEEEEING.
  3611 | D:3      | 3611 ||| FLEEEEING.
  3612 | D:3      | 3612 ||| FLEEEEING.
  3613 | D:3      | 3613 ||| FLEEEEING.
  3614 | D:3      | 3614 ||| FLEEEEING.
  3615 | D:3      | 3615 ||| FLEEEEING.
  3616 | D:3      | 3616 ||| FLEEEEING.
  3617 | D:3      | 3617 ||| FLEEEEING.
  3618 | D:3      | 3618 ||| FLEEEEING.
  3620 | D:3      | 3620 ||| FLEEEEING.
  3621 | D:3      | 3621 ||| FLEEEEING.
  3622 | D:3      | 3622 ||| FLEEEEING.
  3623 | D:3      | 3623 ||| FLEEEEING.
  3624 | D:3      | 3624 ||| FLEEEEING.
  3625 | D:3      | 3625 ||| STAIRDANCE
  3729 | D:2      | 3729 ||| DROPPING ring of wizardry.
  3730 | D:2      | 3730 ||| UPGRADING to ring of willpower.
  3731 | D:2      | 3731 ||| READING 2 scrolls labelled IBIRIE ISYHI.
  3732 | D:2      | 3732 ||| READING scroll labelled FEPRAV REVO.
  3733 | D:2      | 3733 ||| DRINKING 2 glowing grey potions.
  3734 | D:2      | 3734 ||| DROPPING scroll of magic mapping.
  3737 | D:3      | 3737 ||| STAIRDANCE
  3749 | D:3      | Reached skill level 5 in Unarmed Combat
  4005 | D:3      | 4005 ||| READING scroll labelled IDDAENOYDU.
  4044 | D:4      | 4044 ||| STAIRDANCE
  4137 | D:4      | 4137 ||| Stepping ~*~*~tactically~*~*~ (stealth).
  4139 | D:4      | 4139 ||| Stepping ~*~*~tactically~*~*~ (stealth).
  4146 | D:4      | 4146 ||| Stepping ~*~*~tactically~*~*~ (outnumbered).
  4147 | D:4      | 4147 ||| Stepping ~*~*~tactically~*~*~ (outnumbered).
  4180 | D:4      | Found a shimmering altar of Xom.
  4185 | D:4      | 4185 ||| Stepping ~*~*~tactically~*~*~ (stealth).
  4186 | D:4      | 4186 ||| Stepping ~*~*~tactically~*~*~ (stealth).
  4201 | D:4      | Reached skill level 1 in Throwing
  4227 | D:4      | Reached XP level 6. HP: 41/48 MP: 7/7
  4361 | D:4      | Reached skill level 6 in Unarmed Combat
  4529 | D:4      | 4529 ||| Stepping ~*~*~tactically~*~*~ (stealth).
  4651 | D:4      | Found a staircase to the Ecumenical Temple.
  4652 | D:4      | 4652 ||| PLANNING TEMPLE
  4660 | Temple   | Entered the Ecumenical Temple
  4661 | Temple   | 4661 ||| READING scroll of teleportation.
  4662 | Temple   | 4662 ||| PLANNING D:1-11
  4704 | D:4      | Found Wufyrerch's Antique Weapon Emporium.
  4742 | D:4      | Identified the +1 scale mail of Contentment {rC+ Dex+4
                  | Stlth+}
  4850 | D:4      | Found an iron altar of Okawaru.
  4854 | D:4      | Became a worshipper of Warmaster Okawaru
  4867 | D:4      | Found a hazy altar of Hepliaklqana.
  4968 | D:4      | Found a shimmering blue altar of Sif Muna.
  5025 | D:4      | 5025 ||| DROPPING orb of guile.
  5026 | D:4      | 5026 ||| UPGRADING to +1 scale mail of Contentment {rC+
                  | Dex+4 Stlth+}.
  5036 | D:4      | 5036 ||| DROPPING +0 scale mail.
  5092 | D:5      | Entered Level 5 of the Dungeon
  5109 | D:5      | Reached skill level 3 in Fighting
  5167 | D:5      | 5167 ||| Stepping ~*~*~tactically~*~*~ (stealth).
  5169 | D:5      | 5169 ||| Stepping ~*~*~tactically~*~*~ (stealth).
  5177 | D:5      | 5177 ||| Stepping ~*~*~tactically~*~*~ (outnumbered).
  5178 | D:5      | 5178 ||| Stepping ~*~*~tactically~*~*~ (outnumbered).
  5187 | D:5      | Reached skill level 1 in Armour
  5187 | D:5      | Reached XP level 7. HP: 50/57 MP: 8/8
  5530 | D:5      | 5530 ||| Stepping ~*~*~tactically~*~*~ (stealth).
  5567 | D:5      | Found a runed translucent door.
  5568 | D:5      | Noticed Crazy Yiuf
  5603 | D:5      | 5603 ||| Stepping ~*~*~tactically~*~*~ (hiding).
  5704 | D:5      | Reached skill level 7 in Unarmed Combat
  5795 | D:5      | Identified the +1 chain mail of Resilience {rF+ Will+}
  5828 | D:5      | Reached * piety under Okawaru
  5906 | D:5      | 5906 ||| Stepping ~*~*~tactically~*~*~ (stealth).
  5907 | D:5      | 5907 ||| Stepping ~*~*~tactically~*~*~ (stealth).
  5912 | D:5      | Identified the +0 pair of boots of the Shore {rF- Regen+
                  | Str+4}
  5919 | D:5      | Reached skill level 1 in Invocations
  5980 | D:5      | Noticed Edmund
  5981 | D:5      | 5981 ||| INVOKING Heroism.
  5982 | D:5      | 5982 ||| INVOKING Heroism.
  5985 | D:5      | 5985 ||| Stepping ~*~*~tactically~*~*~ (stealth).
  5994 | D:5      | Killed Edmund
  5995 | D:5      | Reached skill level 8 in Unarmed Combat
  5995 | D:5      | Reached XP level 8. HP: 55/63 MP: 7/9
  6067 | D:5      | 6067 ||| Stepping ~*~*~tactically~*~*~ (stealth).
  6069 | D:5      | 6069 ||| Stepping ~*~*~tactically~*~*~ (stealth).
  6256 | D:5      | 6256 ||| Stepping ~*~*~tactically~*~*~ (hiding).
  6473 | D:5      | 6473 ||| UPGRADING to +1 chain mail of Resilience {rF+
                  | Will+}.
  6483 | D:5      | 6483 ||| UPGRADING to +0 pair of boots of the Shore {rF-
                  | Regen+ Str+4}.
  6488 | D:5      | 6488 ||| UPGRADING to +0 buckler.
  6493 | D:5      | 6493 ||| READING 2 scrolls labelled ACATOQ IS XACU.
  6494 | D:5      | 6494 ||| READING scroll labelled YTEW BAKIAMAYH.
  6495 | D:5      | 6495 ||| DROPPING scroll of torment.
  6580 | D:6      | Reached skill level 1 in Shields
  6580 | D:6      | 6580 ||| STAIRDANCE
  6756 | D:6      | Found a snail-covered altar of Cheibriados.
  6811 | D:6      | 6811 ||| Stepping ~*~*~tactically~*~*~ (stealth).
  6813 | D:6      | 6813 ||| Stepping ~*~*~tactically~*~*~ (stealth).
  6866 | D:6      | Reached skill level 3 in Invocations
  7050 | D:6      | 7050 ||| Stepping ~*~*~tactically~*~*~ (hiding).
  7067 | D:6      | Reached ** piety under Okawaru
  7068 | D:6      | 7068 ||| Stepping ~*~*~tactically~*~*~ (stealth).
  7118 | D:6      | Reached skill level 9 in Unarmed Combat
  7118 | D:6      | Reached XP level 9. HP: 50/71 MP: 11/11
  7122 | D:6      | 7122 ||| INVOKING Heroism.
  7197 | D:6      | Noticed Grinder
  7198 | D:6      | 7198 ||| Stepping ~*~*~tactically~*~*~ (hiding).
  7204 | D:6      | 7204 ||| INVOKING Heroism.
  7213 | D:6      | Killed Grinder
  7659 | D:6      | 7659 ||| READING scroll labelled PIVVAEH LASTREI.
  7660 | D:6      | 7660 ||| READING scroll labelled RAUHAA EZAICK.
  7660 | D:6      | Identified a scroll of acquirement
  7660 | D:6      | 7660 ||| ACQUIRING +1 hat of the Untouchables {rElec Str+4}
  7660 | D:6      | Acquired the +1 hat of the Untouchables {rElec Str+4}
  7662 | D:6      | 7662 ||| UPGRADING to +1 hat of the Untouchables {rElec
                  | Str+4}.
  7667 | D:6      | 7667 ||| DRINKING 2 fizzy orange potions.
  7668 | D:6      | 7668 ||| READING 2 scrolls of identify.
  7668 | D:6      | 7668 ||| IDENTIFYING fizzy cyan potion
  7669 | D:6      | 7669 ||| DROPPING potion of flight.
  7670 | D:6      | 7670 ||| DROPPING potion of berserk rage.
  7686 | D:7      | 7686 ||| Stepping ~*~*~tactically~*~*~ (stealth).
  7767 | D:7      | 7767 ||| Stepping ~*~*~tactically~*~*~ (stealth).
  7773 | D:7      | 7773 ||| INVOKING Heroism.
  7859 | D:7      | Reached skill level 10 in Unarmed Combat
  7875 | D:7      | Found a flagged portal.
  7931 | D:7      | 7931 ||| Stepping ~*~*~tactically~*~*~ (stealth).
  7934 | D:7      | 7934 ||| INVOKING Heroism.
  7942 | D:7      | 7942 ||| Stepping ~*~*~tactically~*~*~ (outnumbered).
  7943 | D:7      | 7943 ||| Stepping ~*~*~tactically~*~*~ (stealth).
  7947 | D:7      | Reached skill level 6 in Fighting
  8009 | D:7      | 8009 ||| Stepping ~*~*~tactically~*~*~ (hiding).
  8096 | D:7      | 8096 ||| FLEEEEING.
  8097 | D:7      | 8097 ||| FLEEEEING.
  8106 | D:7      | 8106 ||| FLEEEEING.
  8113 | D:7      | 8113 ||| FLEEEEING.
  8114 | D:7      | 8114 ||| FLEEEEING.
  8124 | D:7      | 8124 ||| Stepping ~*~*~tactically~*~*~ (hiding).
  8125 | D:7      | 8125 ||| Stepping ~*~*~tactically~*~*~ (hiding).
  8335 | D:7      | 8335 ||| Stepping ~*~*~tactically~*~*~ (stealth).
  8357 | D:7      | 8357 ||| Stepping ~*~*~tactically~*~*~ (stealth).
  8362 | D:7      | 8362 ||| Stepping ~*~*~tactically~*~*~ (stealth).
  8370 | D:7      | Reached skill level 11 in Unarmed Combat
  8375 | D:7      | 8375 ||| Stepping ~*~*~tactically~*~*~ (stealth).
  8377 | D:7      | 8377 ||| Stepping ~*~*~tactically~*~*~ (outnumbered).
  8379 | D:7      | 8379 ||| Stepping ~*~*~tactically~*~*~ (outnumbered).
  8482 | D:7      | 8482 ||| Stepping ~*~*~tactically~*~*~ (stealth).
  8489 | D:7      | 8489 ||| UPGRADING to +4 ring of evasion.
  8490 | D:7      | 8490 ||| DRINKING 3 red potions.
  8491 | D:7      | 8491 ||| READING 3 scrolls of identify.
  8491 | D:7      | 8491 ||| IDENTIFYING smoky silvery potion
  8492 | D:7      | 8492 ||| READING 2 scrolls of identify.
  8492 | D:7      | 8492 ||| IDENTIFYING bubbling emerald potion
  8493 | D:7      | 8493 ||| DROPPING potion of lignification.
  8494 | D:7      | 8494 ||| DROPPING potion of attraction.
  8495 | D:7      | 8495 ||| DROPPING 2 potions of brilliance.
  8552 | D:8      | Found a bloodstained altar of Trog.
  8570 | D:8      | 8570 ||| Stepping ~*~*~tactically~*~*~ (stealth).
  8572 | D:8      | 8572 ||| Stepping ~*~*~tactically~*~*~ (hiding).
  8598 | D:8      | Reached skill level 3 in Armour
  8630 | D:8      | Noticed Pikel
  8631 | D:8      | 8631 ||| Stepping ~*~*~tactically~*~*~ (stealth).
  8634 | D:8      | 8634 ||| Stepping ~*~*~tactically~*~*~ (outnumbered).
  8636 | D:8      | 8636 ||| INVOKING Heroism.
  8639 | D:8      | 8639 ||| Stepping ~*~*~tactically~*~*~ (outnumbered).
  8644 | D:8      | Killed Pikel
  8644 | D:8      | Reached *** piety under Okawaru
  8645 | D:8      | Reached XP level 10. HP: 83/83 MP: 9/12
  9308 | D:9      | 9308 ||| INVOKING Heroism.
  9317 | D:9      | Reached skill level 12 in Unarmed Combat
  9348 | D:9      | 9348 ||| INVOKING Heroism.
  9363 | D:9      | Reached **** piety under Okawaru
  9392 | D:9      | 9392 ||| INVOKING Heroism.
  9395 | D:9      | 9395 ||| Stepping ~*~*~tactically~*~*~ (outnumbered).
  9429 | D:9      | Found a staircase to the Lair.
  9435 | D:9      | 9435 ||| INVOKING Heroism.
  9437 | D:9      | 9437 ||| Stepping ~*~*~tactically~*~*~ (outnumbered).
  9438 | D:9      | 9438 ||| Stepping ~*~*~tactically~*~*~ (outnumbered).
  9466 | D:9      | Noticed Prince Ribbit
  9473 | D:9      | Killed Prince Ribbit
  9539 | D:9      | Noticed a two-headed ogre
  9540 | D:9      | 9540 ||| INVOKING Heroism.
  9547 | D:9      | Reached skill level 6 in Invocations
  9550 | D:9      | Killed a two-headed ogre
  9550 | D:9      | Reached ***** piety under Okawaru
  9604 | D:9      | Reached XP level 11. HP: 92/92 MP: 15/15
  9606 | D:9      | Noticed a seven-headed hydra
  9607 | D:9      | 9607 ||| INVOKING Heroism.
  9608 | D:9      | 9608 ||| INVOKING Finesse.
  9614 | D:9      | Killed a seven-headed hydra
  9615 | D:9      | Reached skill level 13 in Unarmed Combat
  9975 | D:9      | 9975 ||| PLANNING LAIR
  9975 | D:9      | 9975 ||| READING scroll labelled LUECZE HETSUKU.
  9976 | D:9      | 9976 ||| READING scroll labelled TIEHISOQOT.
  9993 | Lair:1   | Entered Level 1 of the Lair of Beasts
 10280 | Lair:1   | 10280 ||| Stepping ~*~*~tactically~*~*~ (stealth).
 10281 | Lair:1   | 10281 ||| Stepping ~*~*~tactically~*~*~ (stealth).
 10289 | Lair:1   | 10289 ||| Stepping ~*~*~tactically~*~*~ (stealth).
 10428 | Lair:1   | 10428 ||| Stepping ~*~*~tactically~*~*~ (stealth).
 10430 | Lair:1   | 10430 ||| Stepping ~*~*~tactically~*~*~ (stealth).
 10435 | Lair:1   | 10435 ||| Stepping ~*~*~tactically~*~*~ (stealth).
 10437 | Lair:1   | 10437 ||| Stepping ~*~*~tactically~*~*~ (stealth).
 10438 | Lair:1   | 10438 ||| INVOKING Heroism.
 10439 | Lair:1   | 10439 ||| Stepping ~*~*~tactically~*~*~ (outnumbered).
 10440 | Lair:1   | 10440 ||| Stepping ~*~*~tactically~*~*~ (outnumbered).
 10460 | Lair:1   | Received a gift from Okawaru
 10607 | Lair:1   | 10607 ||| Stepping ~*~*~tactically~*~*~ (stealth).
 10609 | Lair:1   | 10609 ||| INVOKING Heroism.
 10616 | Lair:1   | Reached skill level 9 in Invocations
 10624 | Lair:1   | Found a frozen archway.
 10631 | Lair:1   | 10631 ||| Stepping ~*~*~tactically~*~*~ (stealth).
 10655 | Lair:1   | 10655 ||| INVOKING Heroism.
 10894 | Lair:1   | 10894 ||| DRINKING 2 purple potions.
 10995 | Lair:1   | 10995 ||| READING 2 scrolls of identify.
 10995 | Lair:1   | 10995 ||| IDENTIFYING puce potion
 10996 | Lair:1   | 10996 ||| DROPPING potion of ambrosia.
 11034 | Lair:2   | 11034 ||| INVOKING Heroism.
 11134 | Lair:2   | 11134 ||| INVOKING Heroism.
 11141 | Lair:2   | 11141 ||| Stepping ~*~*~tactically~*~*~ (stealth).
 11146 | Lair:2   | 11146 ||| Stepping ~*~*~tactically~*~*~ (outnumbered).
 11147 | Lair:2   | 11147 ||| Stepping ~*~*~tactically~*~*~ (outnumbered).
 11174 | Lair:2   | 11174 ||| INVOKING Heroism.
 11225 | Lair:2   | 11225 ||| Stepping ~*~*~tactically~*~*~ (stealth).
 11226 | Lair:2   | 11226 ||| INVOKING Heroism.
 11227 | Lair:2   | 11227 ||| Stepping ~*~*~tactically~*~*~ (outnumbered).
 11228 | Lair:2   | 11228 ||| Stepping ~*~*~tactically~*~*~ (outnumbered).
 11229 | Lair:2   | 11229 ||| Stepping ~*~*~tactically~*~*~ (outnumbered).
 11230 | Lair:2   | 11230 ||| Stepping ~*~*~tactically~*~*~ (outnumbered).
 11231 | Lair:2   | 11231 ||| Stepping ~*~*~tactically~*~*~ (outnumbered).
 11235 | Lair:2   | 11235 ||| Stepping ~*~*~tactically~*~*~ (outnumbered).
 11236 | Lair:2   | 11236 ||| Stepping ~*~*~tactically~*~*~ (outnumbered).
 11237 | Lair:2   | 11237 ||| Stepping ~*~*~tactically~*~*~ (outnumbered).
 11238 | Lair:2   | 11238 ||| Stepping ~*~*~tactically~*~*~ (outnumbered).
 11239 | Lair:2   | 11239 ||| Stepping ~*~*~tactically~*~*~ (outnumbered).
 11240 | Lair:2   | 11240 ||| Stepping ~*~*~tactically~*~*~ (outnumbered).
 11241 | Lair:2   | 11241 ||| Stepping ~*~*~tactically~*~*~ (outnumbered).
 11243 | Lair:2   | Reached skill level 14 in Unarmed Combat
 11244 | Lair:2   | Identified the +5 mace "Undertaker" {spect, Int+6} (Okawaru
                  | gifted it to you on level 2 of the Lair of Beasts)
 11244 | Lair:2   | Received a gift from Okawaru
 11299 | Lair:2   | 11299 ||| INVOKING Heroism.
 11308 | Lair:2   | 11308 ||| Stepping ~*~*~tactically~*~*~ (outnumbered).
 11311 | Lair:2   | 11311 ||| Stepping ~*~*~tactically~*~*~ (outnumbered).
 11314 | Lair:2   | Reached XP level 12. HP: 101/101 MP: 16/18
 11620 | Lair:2   | Found a staircase to the Shoals.
 11631 | Lair:2   | 11631 ||| INVOKING Heroism.
 11876 | Lair:2   | 11876 ||| READING scroll labelled JUITSU NACOJE.
 11898 | Lair:3   | 11898 ||| STAIRDANCE
 11918 | Lair:3   | 11918 ||| INVOKING Heroism.
 11958 | Lair:3   | 11958 ||| Stepping ~*~*~tactically~*~*~ (hiding).
 11961 | Lair:3   | 11961 ||| Stepping ~*~*~tactically~*~*~ (hiding).
 12005 | Lair:3   | 12005 ||| Stepping ~*~*~tactically~*~*~ (stealth).
 12006 | Lair:3   | 12006 ||| INVOKING Heroism.
 12084 | Lair:3   | Reached skill level 15 in Unarmed Combat
 12094 | Lair:3   | 12094 ||| Stepping ~*~*~tactically~*~*~ (hiding).
 12095 | Lair:3   | 12095 ||| Stepping ~*~*~tactically~*~*~ (hiding).
 12108 | Lair:3   | Received a gift from Okawaru
 12153 | Lair:3   | Identified the +12 mace of Casal {freeze, *Slow rElec rF++}
 12181 | Lair:3   | Found a hole to the Spider Nest.
 12182 | Lair:3   | 12182 ||| Stepping ~*~*~tactically~*~*~ (stealth).
 12183 | Lair:3   | 12183 ||| Stepping ~*~*~tactically~*~*~ (stealth).
 12241 | Lair:3   | 12241 ||| FLEEEEING.
 12452 | Lair:3   | 12452 ||| INVOKING Heroism.
 12454 | Lair:3   | Reached skill level 9 in Fighting
 12544 | Lair:3   | Reached skill level 3 in Throwing
 12706 | Lair:3   | 12706 ||| UPGRADING to ring of see invisible.
 12708 | Lair:3   | 12708 ||| READING 2 scrolls of identify.
 12708 | Lair:3   | 12708 ||| IDENTIFYING fizzy purple potion
 12743 | Lair:4   | 12743 ||| Stepping ~*~*~tactically~*~*~ (stealth).
 12744 | Lair:4   | Noticed Kirke
 12745 | Lair:4   | 12745 ||| INVOKING Heroism.
 12746 | Lair:4   | 12746 ||| INVOKING Finesse.
 12764 | Lair:4   | Killed Kirke
 12764 | Lair:4   | Received a gift from Okawaru
 12853 | Lair:4   | 12853 ||| Stepping ~*~*~tactically~*~*~ (hiding).
 13023 | Lair:4   | 13023 ||| INVOKING Heroism.
 13054 | Lair:4   | 13054 ||| Stepping ~*~*~tactically~*~*~ (outnumbered).
 13055 | Lair:4   | 13055 ||| Stepping ~*~*~tactically~*~*~ (outnumbered).
 13056 | Lair:4   | 13056 ||| Stepping ~*~*~tactically~*~*~ (outnumbered).
 13058 | Lair:4   | 13058 ||| Stepping ~*~*~tactically~*~*~ (outnumbered).
 13059 | Lair:4   | 13059 ||| Stepping ~*~*~tactically~*~*~ (outnumbered).
 13060 | Lair:4   | 13060 ||| Stepping ~*~*~tactically~*~*~ (outnumbered).
 13061 | Lair:4   | 13061 ||| Stepping ~*~*~tactically~*~*~ (outnumbered).
 13062 | Lair:4   | 13062 ||| Stepping ~*~*~tactically~*~*~ (outnumbered).
 13063 | Lair:4   | 13063 ||| Stepping ~*~*~tactically~*~*~ (outnumbered).
 13064 | Lair:4   | 13064 ||| Stepping ~*~*~tactically~*~*~ (outnumbered).
 13070 | Lair:4   | Reached skill level 16 in Unarmed Combat
 13263 | Lair:4   | 13263 ||| Stepping ~*~*~tactically~*~*~ (stealth).
 13276 | Lair:4   | 13276 ||| INVOKING Heroism.
 13277 | Lair:4   | 13277 ||| Stepping ~*~*~tactically~*~*~ (outnumbered).
 13278 | Lair:4   | 13278 ||| Stepping ~*~*~tactically~*~*~ (outnumbered).
 13279 | Lair:4   | 13279 ||| Stepping ~*~*~tactically~*~*~ (outnumbered).
 13280 | Lair:4   | 13280 ||| Stepping ~*~*~tactically~*~*~ (outnumbered).
 13281 | Lair:4   | 13281 ||| Stepping ~*~*~tactically~*~*~ (outnumbered).
 13282 | Lair:4   | 13282 ||| Stepping ~*~*~tactically~*~*~ (outnumbered).
 13283 | Lair:4   | 13283 ||| Stepping ~*~*~tactically~*~*~ (outnumbered).
 13284 | Lair:4   | 13284 ||| Stepping ~*~*~tactically~*~*~ (outnumbered).
 13285 | Lair:4   | 13285 ||| Stepping ~*~*~tactically~*~*~ (outnumbered).
 13286 | Lair:4   | 13286 ||| Stepping ~*~*~tactically~*~*~ (outnumbered).
 13287 | Lair:4   | 13287 ||| Stepping ~*~*~tactically~*~*~ (outnumbered).
 13289 | Lair:4   | 13289 ||| Stepping ~*~*~tactically~*~*~ (outnumbered).
 13290 | Lair:4   | 13290 ||| Stepping ~*~*~tactically~*~*~ (outnumbered).
 13293 | Lair:4   | 13293 ||| Stepping ~*~*~tactically~*~*~ (outnumbered).
 13294 | Lair:4   | 13294 ||| Stepping ~*~*~tactically~*~*~ (outnumbered).
 13295 | Lair:4   | 13295 ||| Stepping ~*~*~tactically~*~*~ (outnumbered).
 13296 | Lair:4   | 13296 ||| Stepping ~*~*~tactically~*~*~ (outnumbered).
 13297 | Lair:4   | 13297 ||| Stepping ~*~*~tactically~*~*~ (outnumbered).
 13429 | Lair:4   | 13429 ||| Stepping ~*~*~tactically~*~*~ (stealth).
 13430 | Lair:4   | 13430 ||| INVOKING Heroism.
 13438 | Lair:4   | Received a gift from Okawaru
 13442 | Lair:4   | Reached XP level 13. HP: 101/113 MP: 17/19
 13509 | Lair:4   | 13509 ||| Stepping ~*~*~tactically~*~*~ (stealth).
 13510 | Lair:4   | 13510 ||| INVOKING Heroism.
 13586 | Lair:4   | 13586 ||| INVOKING Heroism.
 13610 | Lair:4   | Reached skill level 17 in Unarmed Combat
 13733 | Lair:4   | 13733 ||| Stepping ~*~*~tactically~*~*~ (stealth).
 13737 | Lair:4   | 13737 ||| INVOKING Heroism.
 13818 | Lair:4   | 13818 ||| READING 2 scrolls of identify.
 13818 | Lair:4   | 13818 ||| IDENTIFYING orange potion
 13819 | Lair:4   | 13819 ||| DROPPING potion of invisibility.
 13852 | Lair:5   | Entered Level 5 of the Lair of Beasts
 13928 | Lair:5   | 13928 ||| INVOKING Heroism.
 13980 | Lair:5   | 13980 ||| Stepping ~*~*~tactically~*~*~ (stealth).
 13990 | Lair:5   | 13990 ||| Stepping ~*~*~tactically~*~*~ (stealth).
 13991 | Lair:5   | 13991 ||| Stepping ~*~*~tactically~*~*~ (stealth).
 13997 | Lair:5   | 13997 ||| FLEEEEING.
 14104 | Lair:5   | 14104 ||| Stepping ~*~*~tactically~*~*~ (hiding).
 14134 | Lair:5   | Found a staircase to the Slime Pits.
 14203 | Lair:5   | 14203 ||| INVOKING Heroism.
 14204 | Lair:5   | 14204 ||| INVOKING Finesse.
 14214 | Lair:5   | Received a gift from Okawaru
 14272 | Lair:5   | 14272 ||| Stepping ~*~*~tactically~*~*~ (stealth).
 14279 | Lair:5   | 14279 ||| Stepping ~*~*~tactically~*~*~ (stealth).
 14284 | Lair:5   | 14284 ||| INVOKING Heroism.
 14350 | Lair:5   | 14350 ||| INVOKING Heroism.
 14354 | Lair:5   | 14354 ||| Stepping ~*~*~tactically~*~*~ (stealth).
 14371 | Lair:5   | 14371 ||| Stepping ~*~*~tactically~*~*~ (stealth).
 14375 | Lair:5   | 14375 ||| Stepping ~*~*~tactically~*~*~ (stealth).
 14435 | Lair:5   | 14435 ||| Stepping ~*~*~tactically~*~*~ (stealth).
 14440 | Lair:5   | Reached skill level 18 in Unarmed Combat
 14552 | Lair:5   | 14552 ||| Stepping ~*~*~tactically~*~*~ (hiding).
 14562 | Lair:5   | 14562 ||| FLEEEEING.
 14563 | Lair:5   | 14563 ||| FLEEEEING.
 14565 | Lair:5   | 14565 ||| FLEEEEING.
 14566 | Lair:5   | 14566 ||| FLEEEEING.
 14567 | Lair:5   | 14567 ||| FLEEEEING.
 14568 | Lair:5   | 14568 ||| FLEEEEING.
 14569 | Lair:5   | 14569 ||| FLEEEEING.
 14570 | Lair:5   | 14570 ||| STAIRDANCE
 14584 | Lair:4   | 14584 ||| READING 2 scrolls of identify.
 14584 | Lair:4   | 14584 ||| IDENTIFYING silvery potion
 14585 | Lair:4   | 14585 ||| DROPPING potion of degeneration.
 14630 | Lair:5   | 14630 ||| Stepping ~*~*~tactically~*~*~ (hiding).
 14645 | Lair:5   | 14645 ||| FLEEEEING.
 14646 | Lair:5   | 14646 ||| FLEEEEING.
 14647 | Lair:5   | 14647 ||| FLEEEEING.
 14648 | Lair:5   | 14648 ||| FLEEEEING.
 14649 | Lair:5   | 14649 ||| FLEEEEING.
 14650 | Lair:5   | 14650 ||| FLEEEEING.
 14651 | Lair:5   | 14651 ||| FLEEEEING.
 14652 | Lair:5   | 14652 ||| Stepping ~*~*~tactically~*~*~ (hiding).
 14653 | Lair:5   | 14653 ||| INVOKING Heroism.
 14655 | Lair:5   | 14655 ||| Stepping ~*~*~tactically~*~*~ (outnumbered).
 14657 | Lair:5   | 14657 ||| Stepping ~*~*~tactically~*~*~ (outnumbered).
 14662 | Lair:5   | 14662 ||| Stepping ~*~*~tactically~*~*~ (outnumbered).
 14734 | Lair:5   | 14734 ||| Stepping ~*~*~tactically~*~*~ (stealth).
 14738 | Lair:5   | 14738 ||| INVOKING Heroism.
 14748 | Lair:5   | 14748 ||| Stepping ~*~*~tactically~*~*~ (outnumbered).
 14749 | Lair:5   | 14749 ||| Stepping ~*~*~tactically~*~*~ (outnumbered).
 14750 | Lair:5   | 14750 ||| Stepping ~*~*~tactically~*~*~ (outnumbered).
 14751 | Lair:5   | 14751 ||| Stepping ~*~*~tactically~*~*~ (outnumbered).
 14752 | Lair:5   | 14752 ||| Stepping ~*~*~tactically~*~*~ (hiding).
 14761 | Lair:5   | Reached skill level 3 in Dodging
 14781 | Lair:5   | 14781 ||| Stepping ~*~*~tactically~*~*~ (hiding).
 14820 | Lair:5   | 14820 ||| Stepping ~*~*~tactically~*~*~ (stealth).
 14854 | Lair:5   | 14854 ||| Stepping ~*~*~tactically~*~*~ (stealth).
 14919 | Lair:5   | 14919 ||| Stepping ~*~*~tactically~*~*~ (stealth).
 14921 | Lair:5   | 14921 ||| INVOKING Heroism.
 14957 | Lair:5   | 14957 ||| Stepping ~*~*~tactically~*~*~ (hiding).
 14963 | Lair:5   | 14963 ||| Stepping ~*~*~tactically~*~*~ (outnumbered).
 14972 | Lair:5   | 14972 ||| Stepping ~*~*~tactically~*~*~ (outnumbered).
 14973 | Lair:5   | 14973 ||| Stepping ~*~*~tactically~*~*~ (outnumbered).
 15014 | Lair:5   | 15014 ||| Stepping ~*~*~tactically~*~*~ (stealth).
 15015 | Lair:5   | 15015 ||| INVOKING Heroism.
 15018 | Lair:5   | 15018 ||| Stepping ~*~*~tactically~*~*~ (outnumbered).
 15019 | Lair:5   | 15019 ||| Stepping ~*~*~tactically~*~*~ (outnumbered).
 15020 | Lair:5   | 15020 ||| Stepping ~*~*~tactically~*~*~ (outnumbered).
 15021 | Lair:5   | 15021 ||| Stepping ~*~*~tactically~*~*~ (outnumbered).
 15022 | Lair:5   | 15022 ||| Stepping ~*~*~tactically~*~*~ (outnumbered).
 15023 | Lair:5   | 15023 ||| Stepping ~*~*~tactically~*~*~ (outnumbered).
 15025 | Lair:5   | 15025 ||| Stepping ~*~*~tactically~*~*~ (outnumbered).
 15026 | Lair:5   | 15026 ||| Stepping ~*~*~tactically~*~*~ (outnumbered).
 15027 | Lair:5   | 15027 ||| Stepping ~*~*~tactically~*~*~ (outnumbered).
 15069 | Lair:5   | 15069 ||| Stepping ~*~*~tactically~*~*~ (hiding).
 15185 | Lair:5   | 15185 ||| Stepping ~*~*~tactically~*~*~ (stealth).
 15186 | Lair:5   | 15186 ||| INVOKING Heroism.
 15191 | Lair:5   | Received a gift from Okawaru
 15192 | Lair:5   | 15192 ||| Stepping ~*~*~tactically~*~*~ (outnumbered).
 15193 | Lair:5   | 15193 ||| Stepping ~*~*~tactically~*~*~ (outnumbered).
 15225 | Lair:5   | 15225 ||| INVOKING Heroism.
 15230 | Lair:5   | 15230 ||| Stepping ~*~*~tactically~*~*~ (outnumbered).
 15231 | Lair:5   | 15231 ||| Stepping ~*~*~tactically~*~*~ (outnumbered).
 15232 | Lair:5   | 15232 ||| Stepping ~*~*~tactically~*~*~ (outnumbered).
 15339 | Lair:5   | Found a runed translucent door.
 15340 | Lair:5   | Noticed a fire dragon
 15341 | Lair:5   | 15341 ||| INVOKING Heroism.
 15372 | Lair:5   | 15372 ||| INVOKING Heroism.
 15399 | Lair:5   | 15399 ||| INVOKING Heroism.
 15406 | Lair:5   | Reached XP level 14. HP: 124/124 MP: 18/20
 15416 | Lair:5   | 15416 ||| Stepping ~*~*~tactically~*~*~ (outnumbered).
 15417 | Lair:5   | 15417 ||| Stepping ~*~*~tactically~*~*~ (outnumbered).
 15418 | Lair:5   | 15418 ||| INVOKING Heroism.
 15419 | Lair:5   | 15419 ||| Stepping ~*~*~tactically~*~*~ (outnumbered).
 15420 | Lair:5   | 15420 ||| Stepping ~*~*~tactically~*~*~ (outnumbered).
 15448 | Lair:5   | 15448 ||| Stepping ~*~*~tactically~*~*~ (stealth).
 15485 | Lair:5   | 15485 ||| Stepping ~*~*~tactically~*~*~ (hiding).
 15500 | Lair:5   | 15500 ||| Stepping ~*~*~tactically~*~*~ (stealth).
 15512 | Lair:5   | 15512 ||| FLEEEEING.
 15514 | Lair:5   | 15514 ||| Stepping ~*~*~tactically~*~*~ (stealth).
 15515 | Lair:5   | 15515 ||| Stepping ~*~*~tactically~*~*~ (stealth).
 15517 | Lair:5   | 15517 ||| INVOKING Heroism.
 15521 | Lair:5   | 15521 ||| Stepping ~*~*~tactically~*~*~ (outnumbered).
 15534 | Lair:5   | Reached skill level 19 in Unarmed Combat
 15561 | Lair:5   | 15561 ||| Stepping ~*~*~tactically~*~*~ (stealth).
 15563 | Lair:5   | 15563 ||| Stepping ~*~*~tactically~*~*~ (stealth).
 15745 | Lair:5   | 15745 ||| PLANNING D:1-11
 15745 | Lair:5   | 15745 ||| UPGRADING to amulet of reflection.
 15755 | Lair:5   | 15755 ||| DROPPING amulet of the acrobat.
 15756 | Lair:5   | 15756 ||| DROPPING amulet of regeneration.
 15757 | Lair:5   | 15757 ||| DRINKING 2 cyan potions.
 15880 | D:10     | Entered Level 10 of the Dungeon
 15934 | D:10     | 15934 ||| INVOKING Heroism.
 15943 | D:10     | 15943 ||| Stepping ~*~*~tactically~*~*~ (outnumbered).
 15944 | D:10     | 15944 ||| Stepping ~*~*~tactically~*~*~ (outnumbered).
 15945 | D:10     | 15945 ||| Stepping ~*~*~tactically~*~*~ (outnumbered).
 15968 | D:10     | 15968 ||| Stepping ~*~*~tactically~*~*~ (stealth).
 16018 | D:10     | 16018 ||| Stepping ~*~*~tactically~*~*~ (stealth).
 16078 | D:10     | Found a shadowy altar of Dithmenos.
 16079 | D:10     | 16079 ||| Stepping ~*~*~tactically~*~*~ (stealth).
 16093 | D:10     | 16093 ||| INVOKING Heroism.
 16100 | D:10     | Reached skill level 6 in Armour
 16125 | D:10     | 16125 ||| Stepping ~*~*~tactically~*~*~ (stealth).
 16154 | D:10     | 16154 ||| READING scroll of acquirement.
 16154 | D:10     | 16154 ||| ACQUIRING +3 warlock's mirror {reflect}
 16154 | D:10     | Acquired the +3 warlock's mirror {reflect}
 16154 | D:10     | Found the +3 warlock's mirror {reflect}
 16156 | D:10     | 16156 ||| UPGRADING to +3 warlock's mirror {reflect}.
 16166 | D:10     | 16166 ||| DROPPING +0 buckler.
 16527 | D:10     | 16527 ||| DROPPING amulet of magic regeneration.
 16528 | D:10     | 16528 ||| DROPPING ring of resist corrosion.
 16529 | D:10     | 16529 ||| DROPPING ring of willpower.
 16530 | D:10     | 16530 ||| DRINKING 2 coppery potions.
 16608 | D:11     | 16608 ||| INVOKING Heroism.
 16609 | D:11     | 16609 ||| Stepping ~*~*~tactically~*~*~ (stealth).
 16637 | D:11     | 16637 ||| Stepping ~*~*~tactically~*~*~ (outnumbered).
 16638 | D:11     | 16638 ||| Stepping ~*~*~tactically~*~*~ (outnumbered).
 16832 | D:11     | Reached ****** piety under Okawaru
 17134 | D:11     | 17134 ||| INVOKING Heroism.
 17288 | D:11     | Found a large runed translucent door.
 17288 | D:11     | Found a large runed translucent door.
 17404 | D:11     | 17404 ||| READING 6 scrolls of teleportation.
 17405 | D:11     | 17405 ||| PLANNING D
 17487 | D:12     | 17487 ||| INVOKING Heroism.
 17495 | D:12     | 17495 ||| INVOKING Finesse.
 17578 | D:12     | 17578 ||| INVOKING Heroism.
 17587 | D:12     | Identified the +0 pair of gloves of Inference {rF+ rC-
                  | Regen+} (Okawaru gifted it to you on level 12 of the
                  | Dungeon)
 17587 | D:12     | Received a gift from Okawaru
 17623 | D:12     | Reached skill level 20 in Unarmed Combat
 17682 | D:12     | Identified the +8 long sword "Inkeudux" {vamp, rF+ rN+
                  | Dex+4}
 17695 | D:12     | 17695 ||| INVOKING Heroism.
 17696 | D:12     | 17696 ||| INVOKING Finesse.
 17710 | D:12     | 17710 ||| Stepping ~*~*~tactically~*~*~ (stealth).
 17720 | D:12     | 17720 ||| Stepping ~*~*~tactically~*~*~ (outnumbered).
 17757 | D:12     | Reached skill level 12 in Fighting
 17766 | D:12     | 17766 ||| Stepping ~*~*~tactically~*~*~ (outnumbered).
 17767 | D:12     | 17767 ||| Stepping ~*~*~tactically~*~*~ (outnumbered).
 17790 | D:12     | 17790 ||| INVOKING Heroism.
 17798 | D:12     | Reached skill level 6 in Shields
 17838 | D:12     | 17838 ||| Stepping ~*~*~tactically~*~*~ (hiding).
 17846 | D:12     | 17846 ||| INVOKING Heroism.
 17861 | D:12     | 17861 ||| INVOKING Finesse.
 17953 | D:12     | 17953 ||| Stepping ~*~*~tactically~*~*~ (stealth).
 18100 | D:12     | 18100 ||| FLEEEEING.
 18106 | D:12     | 18106 ||| FLEEEEING.
 18107 | D:12     | 18107 ||| FLEEEEING.
 18188 | D:12     | Found a staircase to the Orcish Mines.
 18458 | D:12     | 18458 ||| FLEEEEING.
 18459 | D:12     | 18459 ||| FLEEEEING.
 18652 | D:12     | 18652 ||| UPGRADING to +0 pair of gloves of Inference {rF+
                  | rC- Regen+}.
 18657 | D:12     | 18657 ||| DROPPING ring of protection from cold.
 19095 | D:12     | 19095 ||| READING 6 scrolls of teleportation.
 19096 | D:12     | 19096 ||| STAIRDANCE
 19289 | D:13     | 19289 ||| Stepping ~*~*~tactically~*~*~ (hiding).
 19290 | D:13     | 19290 ||| Stepping ~*~*~tactically~*~*~ (hiding).
 19291 | D:13     | 19291 ||| Stepping ~*~*~tactically~*~*~ (hiding).
 19294 | D:13     | 19294 ||| INVOKING Heroism.
 19298 | D:13     | Reached XP level 15. HP: 65/132 MP: 18/21
 19438 | D:13     | 19438 ||| Stepping ~*~*~tactically~*~*~ (hiding).
 19604 | D:13     | 19604 ||| Stepping ~*~*~tactically~*~*~ (hiding).
 19614 | D:13     | Identified the +7 scimitar of the Warrior {freeze, rF+
                  | Str+6} (Okawaru gifted it to you on level 13 of the
                  | Dungeon)
 19614 | D:13     | Received a gift from Okawaru
 19618 | D:13     | 19618 ||| Stepping ~*~*~tactically~*~*~ (hiding).
 19620 | D:13     | 19620 ||| INVOKING Heroism.
 19623 | D:13     | 19623 ||| Stepping ~*~*~tactically~*~*~ (outnumbered).
 19625 | D:13     | 19625 ||| Stepping ~*~*~tactically~*~*~ (outnumbered).
 19634 | D:13     | 19634 ||| Stepping ~*~*~tactically~*~*~ (outnumbered).
 19636 | D:13     | 19636 ||| Stepping ~*~*~tactically~*~*~ (outnumbered).
 19638 | D:13     | 19638 ||| Stepping ~*~*~tactically~*~*~ (outnumbered).
 19639 | D:13     | 19639 ||| Stepping ~*~*~tactically~*~*~ (outnumbered).
 19644 | D:13     | 19644 ||| Stepping ~*~*~tactically~*~*~ (outnumbered).
 19646 | D:13     | 19646 ||| Stepping ~*~*~tactically~*~*~ (outnumbered).
 19647 | D:13     | 19647 ||| Stepping ~*~*~tactically~*~*~ (outnumbered).
 19659 | D:13     | 19659 ||| INVOKING Heroism.
 19694 | D:13     | 19694 ||| Stepping ~*~*~tactically~*~*~ (stealth).
 19708 | D:13     | 19708 ||| Stepping ~*~*~tactically~*~*~ (stealth).
 19709 | D:13     | 19709 ||| Stepping ~*~*~tactically~*~*~ (stealth).
 19713 | D:13     | 19713 ||| INVOKING Heroism.
 19746 | D:13     | Found a gate to the Vaults.
 19814 | D:13     | 19814 ||| Stepping ~*~*~tactically~*~*~ (hiding).
 19815 | D:13     | 19815 ||| Stepping ~*~*~tactically~*~*~ (hiding).
 19942 | D:13     | Reached skill level 21 in Unarmed Combat
 19942 | D:13     | Found a hide-covered altar of Uskayaw.
 19949 | D:13     | 19949 ||| Stepping ~*~*~tactically~*~*~ (stealth).
 19958 | D:13     | 19958 ||| Stepping ~*~*~tactically~*~*~ (hiding).
 20142 | D:13     | 20142 ||| DROPPING +1 scale mail of Contentment {rC+ Dex+4
                  | Stlth+}.
 20159 | D:12     | 20159 ||| READING 7 scrolls of teleportation.
 20241 | D:12     | 20241 ||| READING 6 scrolls of teleportation.
 20323 | D:14     | 20323 ||| STAIRDANCE
 20352 | D:14     | 20352 ||| Stepping ~*~*~tactically~*~*~ (stealth).
 20353 | D:14     | 20353 ||| Stepping ~*~*~tactically~*~*~ (stealth).
 20374 | D:14     | 20374 ||| Stepping ~*~*~tactically~*~*~ (outnumbered).
 20377 | D:14     | 20377 ||| Stepping ~*~*~tactically~*~*~ (outnumbered).
 20378 | D:14     | 20378 ||| Stepping ~*~*~tactically~*~*~ (outnumbered).
 20383 | D:14     | 20383 ||| Stepping ~*~*~tactically~*~*~ (outnumbered).
 20384 | D:14     | 20384 ||| Stepping ~*~*~tactically~*~*~ (outnumbered).
 20387 | D:14     | 20387 ||| FLEEEEING.
 20388 | D:14     | 20388 ||| FLEEEEING.
 20389 | D:14     | 20389 ||| FLEEEEING.
 20390 | D:14     | 20390 ||| FLEEEEING.
 20391 | D:14     | 20391 ||| FLEEEEING.
 20392 | D:14     | 20392 ||| FLEEEEING.
 20393 | D:14     | 20393 ||| FLEEEEING.
 20455 | D:14     | 20455 ||| INVOKING Heroism.
 20456 | D:14     | 20456 ||| Stepping ~*~*~tactically~*~*~ (stealth).
 20469 | D:14     | 20469 ||| Stepping ~*~*~tactically~*~*~ (outnumbered).
 20470 | D:14     | 20470 ||| Stepping ~*~*~tactically~*~*~ (outnumbered).
 20475 | D:14     | Identified the +7 plate armour "Ihirgh" {Str+2} (Okawaru
                  | gifted it to you on level 14 of the Dungeon)
 20475 | D:14     | Received a gift from Okawaru
 20512 | D:14     | 20512 ||| INVOKING Heroism.
 20588 | D:14     | 20588 ||| Stepping ~*~*~tactically~*~*~ (hiding).
 20709 | D:14     | 20709 ||| Stepping ~*~*~tactically~*~*~ (hiding).
 20710 | D:14     | 20710 ||| Stepping ~*~*~tactically~*~*~ (hiding).
 20927 | D:14     | 20927 ||| Stepping ~*~*~tactically~*~*~ (stealth).
 20933 | D:14     | 20933 ||| INVOKING Heroism.
 20943 | D:14     | 20943 ||| Stepping ~*~*~tactically~*~*~ (outnumbered).
 21317 | D:14     | 21317 ||| UPGRADING to +7 plate armour "Ihirgh" {Str+2}.
 21327 | D:14     | 21327 ||| DROPPING +1 chain mail of Resilience {rF+ Will+}.
 21328 | D:14     | 21328 ||| DROPPING +0 plate armour.
 21347 | D:15     | Entered Level 15 of the Dungeon
 21357 | D:15     | 21357 ||| INVOKING Heroism.
 21386 | D:15     | Found an iron altar of Okawaru.
 21387 | D:15     | 21387 ||| Stepping ~*~*~tactically~*~*~ (outnumbered).
 21391 | D:15     | 21391 ||| Stepping ~*~*~tactically~*~*~ (outnumbered).
 21420 | D:15     | 21420 ||| Stepping ~*~*~tactically~*~*~ (stealth).
 21421 | D:15     | 21421 ||| Stepping ~*~*~tactically~*~*~ (stealth).
 21424 | D:15     | 21424 ||| INVOKING Heroism.
 21454 | D:15     | 21454 ||| Stepping ~*~*~tactically~*~*~ (stealth).
 21469 | D:15     | 21469 ||| Stepping ~*~*~tactically~*~*~ (stealth).
 21471 | D:15     | 21471 ||| Stepping ~*~*~tactically~*~*~ (hiding).
 21472 | D:15     | 21472 ||| Stepping ~*~*~tactically~*~*~ (hiding).
 21476 | D:15     | 21476 ||| Stepping ~*~*~tactically~*~*~ (hiding).
 21477 | D:15     | 21477 ||| Stepping ~*~*~tactically~*~*~ (hiding).
 21510 | D:15     | 21510 ||| Stepping ~*~*~tactically~*~*~ (stealth).
 21526 | D:15     | 21526 ||| Stepping ~*~*~tactically~*~*~ (stealth).
 21527 | D:15     | 21527 ||| Stepping ~*~*~tactically~*~*~ (stealth).
 21540 | D:15     | 21540 ||| Stepping ~*~*~tactically~*~*~ (stealth).
 21557 | D:15     | 21557 ||| INVOKING Heroism.
 21704 | D:15     | 21704 ||| READING scroll of acquirement.
 21704 | D:15     | 21704 ||| ACQUIRING +1 helmet of Indomitability {rF++
                  | Slay+2}
 21704 | D:15     | Acquired the +1 helmet of Indomitability {rF++ Slay+2}
 21706 | D:15     | 21706 ||| DROPPING +2 helmet.
 21791 | D:15     | 21791 ||| Stepping ~*~*~tactically~*~*~ (hiding).
 21817 | D:15     | 21817 ||| Stepping ~*~*~tactically~*~*~ (stealth).
 21838 | D:15     | Found a staircase to the Depths.
 21947 | D:15     | 21947 ||| Stepping ~*~*~tactically~*~*~ (hiding).
 21948 | D:15     | 21948 ||| Stepping ~*~*~tactically~*~*~ (hiding).
 22003 | D:15     | 22003 ||| PLANNING ORC
 22003 | D:15     | 22003 ||| UPGRADING to +1 helmet of Indomitability {rF++
                  | Slay+2}.
 22013 | D:15     | 22013 ||| DROPPING +1 hat of the Untouchables {rElec
                  | Str+4}.
 22121 | Orc:1    | Entered Level 1 of the Orcish Mines
 22133 | Orc:1    | 22133 ||| Stepping ~*~*~tactically~*~*~ (stealth).
 22141 | Orc:1    | 22141 ||| Stepping ~*~*~tactically~*~*~ (stealth).
 22142 | Orc:1    | 22142 ||| Stepping ~*~*~tactically~*~*~ (stealth).
 22143 | Orc:1    | 22143 ||| Stepping ~*~*~tactically~*~*~ (stealth).
 22160 | Orc:1    | 22160 ||| Stepping ~*~*~tactically~*~*~ (stealth).
 22362 | Orc:2    | Entered Level 2 of the Orcish Mines
 22383 | Orc:2    | 22383 ||| INVOKING Heroism.
 22415 | Orc:2    | Noticed Nessos
 22416 | Orc:2    | 22416 ||| Stepping ~*~*~tactically~*~*~ (hiding).
 22418 | Orc:2    | 22418 ||| INVOKING Finesse.
 22420 | Orc:2    | Killed Nessos
 22427 | Orc:2    | 22427 ||| INVOKING Heroism.
 22440 | Orc:2    | 22440 ||| Stepping ~*~*~tactically~*~*~ (outnumbered).
 22441 | Orc:2    | 22441 ||| Stepping ~*~*~tactically~*~*~ (outnumbered).
 22442 | Orc:2    | 22442 ||| Stepping ~*~*~tactically~*~*~ (outnumbered).
 22443 | Orc:2    | 22443 ||| Stepping ~*~*~tactically~*~*~ (outnumbered).
 22444 | Orc:2    | 22444 ||| Stepping ~*~*~tactically~*~*~ (outnumbered).
 22445 | Orc:2    | 22445 ||| Stepping ~*~*~tactically~*~*~ (outnumbered).
 22470 | Orc:2    | 22470 ||| INVOKING Heroism.
 22471 | Orc:2    | 22471 ||| Stepping ~*~*~tactically~*~*~ (outnumbered).
 22472 | Orc:2    | 22472 ||| Stepping ~*~*~tactically~*~*~ (outnumbered).
 22474 | Orc:2    | 22474 ||| Stepping ~*~*~tactically~*~*~ (outnumbered).
 22475 | Orc:2    | 22475 ||| Stepping ~*~*~tactically~*~*~ (outnumbered).
 22476 | Orc:2    | 22476 ||| Stepping ~*~*~tactically~*~*~ (outnumbered).
 22479 | Orc:2    | 22479 ||| Stepping ~*~*~tactically~*~*~ (outnumbered).
 22482 | Orc:2    | 22482 ||| Stepping ~*~*~tactically~*~*~ (outnumbered).
 22494 | Orc:2    | 22494 ||| Stepping ~*~*~tactically~*~*~ (stealth).
 22501 | Orc:2    | Reached skill level 9 in Armour
 22503 | Orc:2    | 22503 ||| INVOKING Finesse.
 22527 | Orc:2    | 22527 ||| Stepping ~*~*~tactically~*~*~ (stealth).
 22538 | Orc:2    | 22538 ||| Stepping ~*~*~tactically~*~*~ (stealth).
 22542 | Orc:2    | 22542 ||| Stepping ~*~*~tactically~*~*~ (stealth).
 22548 | Orc:2    | 22548 ||| INVOKING Heroism.
 22567 | Orc:2    | Received a gift from Okawaru
 22570 | Orc:2    | Reached XP level 16. HP: 143/143 MP: 20/22
 22595 | Orc:2    | 22595 ||| Stepping ~*~*~tactically~*~*~ (hiding).
 22596 | Orc:2    | 22596 ||| Stepping ~*~*~tactically~*~*~ (hiding).
 22597 | Orc:2    | 22597 ||| INVOKING Heroism.
 22702 | Orc:2    | Found a staircase to the Elven Halls.
 22862 | Orc:2    | 22862 ||| Stepping ~*~*~tactically~*~*~ (stealth).
 22863 | Orc:2    | 22863 ||| INVOKING Heroism.
 22865 | Orc:2    | 22865 ||| Stepping ~*~*~tactically~*~*~ (stealth).
 22881 | Orc:2    | Received a gift from Okawaru
 22905 | Orc:2    | 22905 ||| FLEEEEING.
 22906 | Orc:2    | 22906 ||| FLEEEEING.
 22907 | Orc:2    | 22907 ||| FLEEEEING.
 22908 | Orc:2    | 22908 ||| FLEEEEING.
 22909 | Orc:2    | 22909 ||| FLEEEEING.
 22910 | Orc:2    | 22910 ||| FLEEEEING.
 22911 | Orc:2    | 22911 ||| FLEEEEING.
 22912 | Orc:2    | 22912 ||| FLEEEEING.
 22913 | Orc:2    | 22913 ||| FLEEEEING.
 22914 | Orc:2    | 22914 ||| FLEEEEING.
 22915 | Orc:2    | 22915 ||| FLEEEEING.
 22916 | Orc:2    | 22916 ||| FLEEEEING.
 22917 | Orc:2    | 22917 ||| FLEEEEING.
 22918 | Orc:2    | 22918 ||| FLEEEEING.
 22919 | Orc:2    | 22919 ||| FLEEEEING.
 22920 | Orc:2    | 22920 ||| STAIRDANCE
 22960 | Orc:2    | Found Licaitsy's General Store.
 22961 | Orc:2    | Found Jyrehir's Distillery.
 22968 | Orc:2    | 22968 ||| Stepping ~*~*~tactically~*~*~ (outnumbered).
 22969 | Orc:2    | 22969 ||| Stepping ~*~*~tactically~*~*~ (outnumbered).
 22971 | Orc:2    | 22971 ||| Stepping ~*~*~tactically~*~*~ (outnumbered).
 22972 | Orc:2    | 22972 ||| Stepping ~*~*~tactically~*~*~ (outnumbered).
 22990 | Orc:2    | Found Vusoweant's Antique Weapon Emporium.
 22998 | Orc:2    | 22998 ||| BUYING potion of curing (48 gold).
 22998 | Orc:2    | Bought a potion of curing for 48 gold pieces
 22998 | Orc:2    | 22998 ||| BUYING potion of curing (48 gold).
 22998 | Orc:2    | Bought a potion of curing for 48 gold pieces
 22998 | Orc:2    | 22998 ||| BUYING potion of might (64 gold).
 22998 | Orc:2    | Bought a potion of might for 64 gold pieces
 23000 | Orc:2    | Found Atutiexzo's Armour Boutique.
 23009 | Orc:2    | 23009 ||| BUYING +0 pair of boots (58 gold).
 23009 | Orc:2    | Bought a +0 pair of boots for 58 gold pieces
 23009 | Orc:2    | 23009 ||| BUYING +0 pair of gloves (58 gold).
 23009 | Orc:2    | Bought a +0 pair of gloves for 58 gold pieces
 23009 | Orc:2    | 23009 ||| BUYING +2 buckler of fire resistance (279 gold).
 23009 | Orc:2    | Bought a +2 buckler of fire resistance for 279 gold pieces
 23159 | Orc:1    | 23159 ||| INVOKING Heroism.
 23161 | Orc:1    | 23161 ||| Stepping ~*~*~tactically~*~*~ (outnumbered).
 23247 | Orc:1    | 23247 ||| Stepping ~*~*~tactically~*~*~ (stealth).
 23249 | Orc:1    | 23249 ||| Stepping ~*~*~tactically~*~*~ (stealth).
 23356 | Orc:1    | 23356 ||| PLANNING SPIDER:1-3
 23595 | Spider:1 | Entered Level 1 of the Spider Nest
 23613 | Spider:1 | 23613 ||| Stepping ~*~*~tactically~*~*~ (stealth).
 23614 | Spider:1 | 23614 ||| Stepping ~*~*~tactically~*~*~ (stealth).
 23615 | Spider:1 | 23615 ||| INVOKING Heroism.
 23866 | Spider:1 | 23866 ||| INVOKING Heroism.
 23976 | Spider:1 | Found a runed translucent gate.
 23976 | Spider:1 | Found a runed translucent gate.
 23977 | Spider:1 | Found a runed translucent gate.
 23980 | Spider:1 | Noticed qw's ghost (adept TeWr)
 23999 | Spider:1 | You fall into a shaft and drop 1 floor!
 24000 | Spider:2 | 24000 ||| INVOKING Heroism.
 24001 | Spider:2 | 24001 ||| INVOKING Finesse.
 24095 | Spider:2 | 24095 ||| INVOKING Heroism.
 24102 | Spider:2 | Reached skill level 22 in Unarmed Combat
 24160 | Spider:2 | 24160 ||| Stepping ~*~*~tactically~*~*~ (stealth).
 24314 | Spider:2 | 24314 ||| Stepping ~*~*~tactically~*~*~ (hiding).
 24318 | Spider:2 | 24318 ||| INVOKING Finesse.
 24334 | Spider:2 | 24334 ||| INVOKING Heroism.
 24380 | Spider:2 | 24380 ||| Stepping ~*~*~tactically~*~*~ (stealth).
 24391 | Spider:2 | Identified the +6 plate armour of the Wheelwright {rC-
                  | Dex+5}
 24457 | Spider:2 | 24457 ||| Stepping ~*~*~tactically~*~*~ (stealth).
 24465 | Spider:2 | 24465 ||| INVOKING Heroism.
 24504 | Spider:2 | 24504 ||| INVOKING Finesse.
 24512 | Spider:2 | 24512 ||| INVOKING Heroism.
 24526 | Spider:2 | Reached skill level 6 in Throwing
 24533 | Spider:2 | Identified the +6 rapier "Qonaubli" {venom, rElec rCorr
                  | Str+4} (Okawaru gifted it to you on level 2 of the Spider
                  | Nest)
 24533 | Spider:2 | Received a gift from Okawaru
 24688 | Spider:2 | 24688 ||| FLEEEEING.
 24689 | Spider:2 | 24689 ||| FLEEEEING.
 24690 | Spider:2 | 24690 ||| FLEEEEING.
 24691 | Spider:2 | 24691 ||| FLEEEEING.
 24692 | Spider:2 | 24692 ||| FLEEEEING.
 24693 | Spider:2 | 24693 ||| STAIRDANCE
 24853 | Spider:1 | 24853 ||| Stepping ~*~*~tactically~*~*~ (hiding).
 24854 | Spider:1 | 24854 ||| INVOKING Heroism.
 25086 | Spider:1 | 25086 ||| Stepping ~*~*~tactically~*~*~ (hiding).
 25088 | Spider:1 | 25088 ||| INVOKING Finesse.
 25093 | Spider:1 | 25093 ||| INVOKING Heroism.
 25097 | Spider:1 | 25097 ||| Stepping ~*~*~tactically~*~*~ (outnumbered).
 25098 | Spider:1 | 25098 ||| Stepping ~*~*~tactically~*~*~ (hiding).
 25220 | Spider:1 | 25220 ||| INVOKING Heroism.
 25547 | Spider:1 | 25547 ||| READING 10 scrolls of identify.
 25547 | Spider:1 | 25547 ||| IDENTIFYING bubbling orange potion
 25570 | Spider:2 | 25570 ||| INVOKING Finesse.
 25652 | Spider:2 | 25652 ||| INVOKING Heroism.
 25795 | Spider:2 | 25795 ||| Stepping ~*~*~tactically~*~*~ (hiding).
 25799 | Spider:2 | 25799 ||| INVOKING Finesse.
 25805 | Spider:2 | 25805 ||| READING 6 scrolls of teleportation.
 26114 | Spider:2 | 26114 ||| DROPPING ring of ice.
 26142 | Spider:3 | Received a gift from Okawaru
 26147 | Spider:3 | 26147 ||| Stepping ~*~*~tactically~*~*~ (hiding).
 26148 | Spider:3 | 26148 ||| INVOKING Heroism.
 26154 | Spider:3 | 26154 ||| Stepping ~*~*~tactically~*~*~ (hiding).
 26155 | Spider:3 | 26155 ||| Stepping ~*~*~tactically~*~*~ (hiding).
 26169 | Spider:3 | 26169 ||| Stepping ~*~*~tactically~*~*~ (stealth).
 26208 | Spider:3 | 26208 ||| Stepping ~*~*~tactically~*~*~ (hiding).
 26209 | Spider:3 | 26209 ||| Stepping ~*~*~tactically~*~*~ (hiding).
 26211 | Spider:3 | 26211 ||| DRINKING potion of resistance.
 26243 | Spider:3 | 26243 ||| Stepping ~*~*~tactically~*~*~ (stealth).
 26303 | Spider:3 | 26303 ||| INVOKING Finesse.
 26306 | Spider:3 | 26306 ||| INVOKING Heroism.
 26308 | Spider:3 | Received a gift from Okawaru
 26322 | Spider:3 | Received a gift from Okawaru
 26324 | Spider:3 | 26324 ||| Stepping ~*~*~tactically~*~*~ (stealth).
 26326 | Spider:3 | 26326 ||| Stepping ~*~*~tactically~*~*~ (stealth).
 26352 | Spider:3 | 26352 ||| Stepping ~*~*~tactically~*~*~ (stealth).
 26543 | Spider:3 | 26543 ||| INVOKING Finesse.
 26595 | Spider:3 | 26595 ||| Stepping ~*~*~tactically~*~*~ (stealth).
 26612 | Spider:3 | 26612 ||| Stepping ~*~*~tactically~*~*~ (stealth).
 26760 | Spider:3 | 26760 ||| INVOKING Heroism.
 26795 | Spider:3 | Reached XP level 17. HP: 154/154 MP: 23/23
 26901 | Spider:3 | 26901 ||| INVOKING Finesse.
 26902 | Spider:3 | 26902 ||| INVOKING Heroism.
 26908 | Spider:3 | 26908 ||| Stepping ~*~*~tactically~*~*~ (outnumbered).
 26909 | Spider:3 | 26909 ||| Stepping ~*~*~tactically~*~*~ (outnumbered).
 26972 | Spider:3 | 26972 ||| Stepping ~*~*~tactically~*~*~ (stealth).
 26975 | Spider:3 | 26975 ||| Stepping ~*~*~tactically~*~*~ (hiding).
 27023 | Spider:3 | 27023 ||| Stepping ~*~*~tactically~*~*~ (hiding).
 27024 | Spider:3 | 27024 ||| Stepping ~*~*~tactically~*~*~ (hiding).
 27028 | Spider:3 | 27028 ||| INVOKING Finesse.
 27262 | Spider:3 | 27262 ||| PLANNING SHOALS:1-3
 27411 | Shoals:1 | Entered Level 1 of the Shoals
 27412 | Shoals:1 | 27412 ||| INVOKING Heroism.
 27414 | Shoals:1 | 27414 ||| Stepping ~*~*~tactically~*~*~ (water).
 27421 | Shoals:1 | 27421 ||| Stepping ~*~*~tactically~*~*~ (water).
 27423 | Shoals:1 | 27423 ||| Stepping ~*~*~tactically~*~*~ (water).
 27426 | Shoals:1 | Reached skill level 15 in Fighting
 27426 | Shoals:1 | Identified the +2 ring mail of the Will of the Gods {rC+
                  | Will+} (Okawaru gifted it to you on level 1 of the Shoals)
 27426 | Shoals:1 | Received a gift from Okawaru
 27512 | Shoals:1 | 27512 ||| INVOKING Heroism.
 27735 | Shoals:1 | 27735 ||| Stepping ~*~*~tactically~*~*~ (hiding).
 27736 | Shoals:1 | 27736 ||| Stepping ~*~*~tactically~*~*~ (hiding).
 27741 | Shoals:1 | 27741 ||| INVOKING Heroism.
 27742 | Shoals:1 | 27742 ||| INVOKING Finesse.
 27743 | Shoals:1 | 27743 ||| Stepping ~*~*~tactically~*~*~ (outnumbered).
 27744 | Shoals:1 | 27744 ||| Stepping ~*~*~tactically~*~*~ (hiding).
 27812 | Shoals:1 | 27812 ||| INVOKING Heroism.
 27906 | Shoals:1 | Noticed Josephine
 27914 | Shoals:1 | 27914 ||| Stepping ~*~*~tactically~*~*~ (outnumbered).
 27915 | Shoals:1 | 27915 ||| Stepping ~*~*~tactically~*~*~ (outnumbered).
 27918 | Shoals:1 | 27918 ||| Stepping ~*~*~tactically~*~*~ (outnumbered).
 27920 | Shoals:1 | 27920 ||| Stepping ~*~*~tactically~*~*~ (outnumbered).
 27921 | Shoals:1 | 27921 ||| Stepping ~*~*~tactically~*~*~ (outnumbered).
 27928 | Shoals:1 | Killed Josephine
 28074 | Shoals:2 | Found a runed translucent door.
 28078 | Shoals:2 | Found a shimmering altar of Xom.
 28078 | Shoals:2 | Noticed popps's ghost (adept GrFi)
 28078 | Shoals:2 | Identified the +5 great sword of Expedience {chaos, Int+7}
 28083 | Shoals:2 | 28083 ||| INVOKING Heroism.
 28166 | Shoals:2 | Noticed Ilsuiw
 28167 | Shoals:2 | 28167 ||| INVOKING Heroism.
 28180 | Shoals:2 | Killed Ilsuiw
 28223 | Shoals:2 | You fall into a shaft and drop 1 floor!
 28224 | Shoals:3 | 28224 ||| INVOKING Heroism.
 28226 | Shoals:3 | 28226 ||| Stepping ~*~*~tactically~*~*~ (outnumbered).
 28257 | Shoals:3 | 28257 ||| Stepping ~*~*~tactically~*~*~ (water).
 28258 | Shoals:3 | 28258 ||| Stepping ~*~*~tactically~*~*~ (water).
 28292 | Shoals:3 | 28292 ||| INVOKING Heroism.
 28319 | Shoals:3 | 28319 ||| INVOKING Heroism.
 28400 | Shoals:3 | 28400 ||| Stepping ~*~*~tactically~*~*~ (hiding).
 28406 | Shoals:3 | 28406 ||| INVOKING Heroism.
 28407 | Shoals:3 | 28407 ||| Stepping ~*~*~tactically~*~*~ (outnumbered).
 28409 | Shoals:3 | 28409 ||| Stepping ~*~*~tactically~*~*~ (outnumbered).
 28490 | Shoals:3 | 28490 ||| READING 12 scrolls of identify.
 28490 | Shoals:3 | 28490 ||| IDENTIFYING green potion
 28498 | Shoals:3 | 28498 ||| Stepping ~*~*~tactically~*~*~ (hiding).
 28531 | Shoals:2 | 28531 ||| INVOKING Heroism.
 28588 | Shoals:2 | 28588 ||| INVOKING Heroism.
 28592 | Shoals:2 | 28592 ||| Stepping ~*~*~tactically~*~*~ (water).
 28649 | Shoals:2 | 28649 ||| Stepping ~*~*~tactically~*~*~ (hiding).
 28701 | Shoals:2 | 28701 ||| Stepping ~*~*~tactically~*~*~ (hiding).
 28702 | Shoals:2 | 28702 ||| Stepping ~*~*~tactically~*~*~ (hiding).
 28859 | Shoals:2 | 28859 ||| INVOKING Heroism.
 28911 | Shoals:2 | 28911 ||| INVOKING Heroism.
 28951 | Shoals:2 | 28951 ||| DRINKING 2 potions of cancellation.
 28963 | Shoals:2 | 28963 ||| Stepping ~*~*~tactically~*~*~ (cloud).
 28969 | Shoals:2 | 28969 ||| INVOKING Finesse.
 29119 | Shoals:2 | Found Dujett's Armour Boutique.
 29137 | Shoals:2 | 29137 ||| BUYING +0 helmet of see invisible (126 gold).
 29137 | Shoals:2 | Bought a +0 helmet of see invisible for 126 gold pieces
 29375 | Shoals:2 | 29375 ||| READING 11 scrolls of teleportation.
 29445 | Shoals:3 | 29445 ||| INVOKING Heroism.
 29470 | Shoals:3 | 29470 ||| Stepping ~*~*~tactically~*~*~ (hiding).
 29471 | Shoals:3 | 29471 ||| Stepping ~*~*~tactically~*~*~ (hiding).
 29472 | Shoals:3 | 29472 ||| Stepping ~*~*~tactically~*~*~ (hiding).
 29473 | Shoals:3 | 29473 ||| Stepping ~*~*~tactically~*~*~ (outnumbered).
 29479 | Shoals:3 | 29479 ||| Stepping ~*~*~tactically~*~*~ (outnumbered).
 29480 | Shoals:3 | 29480 ||| INVOKING Heroism.
 29485 | Shoals:3 | Received a gift from Okawaru
 29500 | Shoals:3 | 29500 ||| Stepping ~*~*~tactically~*~*~ (water).
 29513 | Shoals:3 | Reached skill level 12 in Armour
 29514 | Shoals:3 | 29514 ||| Stepping ~*~*~tactically~*~*~ (outnumbered).
 29515 | Shoals:3 | 29515 ||| Stepping ~*~*~tactically~*~*~ (outnumbered).
 29516 | Shoals:3 | 29516 ||| Stepping ~*~*~tactically~*~*~ (outnumbered).
 29517 | Shoals:3 | 29517 ||| INVOKING Heroism.
 29518 | Shoals:3 | 29518 ||| Stepping ~*~*~tactically~*~*~ (outnumbered).
 29519 | Shoals:3 | 29519 ||| Stepping ~*~*~tactically~*~*~ (outnumbered).
 29520 | Shoals:3 | 29520 ||| Stepping ~*~*~tactically~*~*~ (outnumbered).
 29521 | Shoals:3 | 29521 ||| Stepping ~*~*~tactically~*~*~ (outnumbered).
 29522 | Shoals:3 | 29522 ||| Stepping ~*~*~tactically~*~*~ (outnumbered).
 29523 | Shoals:3 | 29523 ||| Stepping ~*~*~tactically~*~*~ (outnumbered).
 29524 | Shoals:3 | 29524 ||| Stepping ~*~*~tactically~*~*~ (outnumbered).
 29525 | Shoals:3 | 29525 ||| Stepping ~*~*~tactically~*~*~ (outnumbered).
 29526 | Shoals:3 | 29526 ||| Stepping ~*~*~tactically~*~*~ (outnumbered).
 29527 | Shoals:3 | 29527 ||| Stepping ~*~*~tactically~*~*~ (hiding).
 29528 | Shoals:3 | 29528 ||| Stepping ~*~*~tactically~*~*~ (outnumbered).
 29529 | Shoals:3 | 29529 ||| Stepping ~*~*~tactically~*~*~ (outnumbered).
 29530 | Shoals:3 | 29530 ||| Stepping ~*~*~tactically~*~*~ (outnumbered).
 29531 | Shoals:3 | 29531 ||| Stepping ~*~*~tactically~*~*~ (outnumbered).
 29532 | Shoals:3 | 29532 ||| Stepping ~*~*~tactically~*~*~ (outnumbered).
 29532 | Shoals:3 | HP: 36/158 [merfolk/+0 trident[a merfolk impaler] (9)]
 29533 | Shoals:3 | 29533 ||| READING 10 scrolls of teleportation.
 29533 | Shoals:3 | HP: 16/158 [merfolk/+2 trident of venom (4)]
 29534 | Shoals:3 | 29534 ||| DRINKING 5 potions of heal wounds.
 29535 | Shoals:3 | 29535 ||| DRINKING 4 potions of heal wounds.
 29541 | Shoals:3 | HP: 38/158 [faun/sling bullet (7)]
 29542 | Shoals:3 | 29542 ||| READING 9 scrolls of teleportation.
 29543 | Shoals:3 | 29543 ||| DRINKING 3 potions of heal wounds.
 29546 | Shoals:3 | Reached XP level 18. HP: 74/166 MP: 24/24
 29547 | Shoals:3 | 29547 ||| INVOKING Heroism.
 29549 | Shoals:3 | 29549 ||| Stepping ~*~*~tactically~*~*~ (water).
 29550 | Shoals:3 | HP: 37/166 [merfolk/+0 trident[a merfolk impaler] (7)]
 29551 | Shoals:3 | 29551 ||| READING 8 scrolls of teleportation.
 29551 | Shoals:3 | HP: 8/166 [merfolk/+0 spear[a merfolk impaler] (11)]
 29552 | Shoals:3 | 29552 ||| DRINKING 2 potions of heal wounds.
 29553 | Shoals:3 | 29553 ||| DRINKING potion of heal wounds.
 29554 | Shoals:3 | Received a gift from Okawaru
 29561 | Shoals:3 | 29561 ||| Stepping ~*~*~tactically~*~*~ (hiding).
 29562 | Shoals:3 | 29562 ||| Stepping ~*~*~tactically~*~*~ (hiding).
 29563 | Shoals:3 | 29563 ||| READING 7 scrolls of teleportation.
 29565 | Shoals:3 | 29565 ||| Stepping ~*~*~tactically~*~*~ (outnumbered).
 29683 | Shoals:3 | 29683 ||| Stepping ~*~*~tactically~*~*~ (stealth).
 29754 | Shoals:3 | 29754 ||| Stepping ~*~*~tactically~*~*~ (stealth).
 29757 | Shoals:3 | 29757 ||| Stepping ~*~*~tactically~*~*~ (hiding).
 30087 | Shoals:3 | 30087 ||| PLANNING SPIDER:4
 30276 | Spider:4 | Entered Level 4 of the Spider Nest
 30298 | Spider:4 | 30298 ||| Stepping ~*~*~tactically~*~*~ (outnumbered).
 30299 | Spider:4 | 30299 ||| INVOKING Heroism.
 30301 | Spider:4 | 30301 ||| DRINKING potion of resistance.
 30303 | Spider:4 | 30303 ||| Stepping ~*~*~tactically~*~*~ (outnumbered).
 30304 | Spider:4 | 30304 ||| DRINKING 16 potions of curing.
 30304 | Spider:4 | 30304 ||| (to cure confusion)
 30305 | Spider:4 | 30305 ||| Stepping ~*~*~tactically~*~*~ (outnumbered).
 30308 | Spider:4 | 30308 ||| DRINKING 15 potions of curing.
 30308 | Spider:4 | 30308 ||| (to cure confusion)
 30320 | Spider:4 | 30320 ||| INVOKING Heroism.
 30384 | Spider:4 | 30384 ||| Stepping ~*~*~tactically~*~*~ (stealth).
 30393 | Spider:4 | 30393 ||| Stepping ~*~*~tactically~*~*~ (stealth).
 30400 | Spider:4 | 30400 ||| INVOKING Heroism.
 30410 | Spider:4 | 30410 ||| INVOKING Finesse.
 30412 | Spider:4 | 30412 ||| Stepping ~*~*~tactically~*~*~ (hiding).
 30456 | Spider:4 | 30456 ||| INVOKING Heroism.
 30483 | Spider:4 | 30483 ||| Stepping ~*~*~tactically~*~*~ (stealth).
 30489 | Spider:4 | 30489 ||| Stepping ~*~*~tactically~*~*~ (stealth).
 30664 | Spider:4 | 30664 ||| INVOKING Heroism.
 30665 | Spider:4 | 30665 ||| INVOKING Finesse.
 30675 | Spider:4 | 30675 ||| Stepping ~*~*~tactically~*~*~ (outnumbered).
 30676 | Spider:4 | 30676 ||| Stepping ~*~*~tactically~*~*~ (outnumbered).
 30677 | Spider:4 | 30677 ||| Stepping ~*~*~tactically~*~*~ (outnumbered).
 30688 | Spider:4 | Received a gift from Okawaru
 30722 | Spider:4 | 30722 ||| Stepping ~*~*~tactically~*~*~ (hiding).
 30757 | Spider:4 | 30757 ||| Stepping ~*~*~tactically~*~*~ (stealth).
 30766 | Spider:4 | 30766 ||| Stepping ~*~*~tactically~*~*~ (stealth).
 30767 | Spider:4 | 30767 ||| Stepping ~*~*~tactically~*~*~ (stealth).
 30769 | Spider:4 | 30769 ||| Stepping ~*~*~tactically~*~*~ (stealth).
 30772 | Spider:4 | 30772 ||| Stepping ~*~*~tactically~*~*~ (stealth).
 30775 | Spider:4 | 30775 ||| Stepping ~*~*~tactically~*~*~ (stealth).
 30783 | Spider:4 | 30783 ||| Stepping ~*~*~tactically~*~*~ (stealth).
 30808 | Spider:4 | 30808 ||| Stepping ~*~*~tactically~*~*~ (stealth).
 30838 | Spider:4 | 30838 ||| Stepping ~*~*~tactically~*~*~ (hiding).
 30901 | Spider:4 | 30901 ||| Stepping ~*~*~tactically~*~*~ (stealth).
 30995 | Spider:4 | 30995 ||| INVOKING Finesse.
 31004 | Spider:4 | 31004 ||| INVOKING Heroism.
 31019 | Spider:4 | Received a gift from Okawaru
 31029 | Spider:4 | 31029 ||| Stepping ~*~*~tactically~*~*~ (stealth).
 31047 | Spider:4 | 31047 ||| Stepping ~*~*~tactically~*~*~ (stealth).
 31049 | Spider:4 | 31049 ||| Stepping ~*~*~tactically~*~*~ (hiding).
 31056 | Spider:4 | 31056 ||| Stepping ~*~*~tactically~*~*~ (hiding).
 31057 | Spider:4 | 31057 ||| Stepping ~*~*~tactically~*~*~ (hiding).
 31058 | Spider:4 | 31058 ||| Stepping ~*~*~tactically~*~*~ (hiding).
 31061 | Spider:4 | 31061 ||| Stepping ~*~*~tactically~*~*~ (hiding).
 31113 | Spider:4 | 31113 ||| Stepping ~*~*~tactically~*~*~ (stealth).
 31147 | Spider:4 | 31147 ||| INVOKING Heroism.
 31191 | Spider:4 | 31191 ||| Stepping ~*~*~tactically~*~*~ (water).
 31201 | Spider:4 | 31201 ||| Stepping ~*~*~tactically~*~*~ (outnumbered).
 31205 | Spider:4 | 31205 ||| INVOKING Heroism.
 31220 | Spider:4 | HP: 39/170 [emperor scorpion (23)]
 31221 | Spider:4 | 31221 ||| READING 8 scrolls of teleportation.
 31221 | Spider:4 | HP: 14/170 [emperor scorpion (25)]
 31225 | Spider:4 | Annihilated by an emperor scorpion

Levels and vault maps discovered:
D:1:      wander_arrival_estate, layout_basic
D:2:      layout_loops_corners
D:3:      layout_loops_corners, hellmonk_ecumenical_altar_dog_temple,
          st_stairs_9
D:4:      layout_loops_ring, mainiacjoe_overflow_big_doors, xom_confusion_cloud,
          lemuel_blue_sif_altar, minmay_temple_entry_drinking_statues,
          serial_shops, nicolae_shop_advertising_works
          [nicolae_subvault_shop_adworks], hangedman_decor_slide_cut,
          minivault_26
D:5:      layout_loops_ring, uniq_edmund, uniq_crazy_yiuf_cottage
D:6:      layout_basic, mainiacjoe_overflow_tiny_flanked, serial_park_tiny_2,
          uniq_grinder
D:7:      layout_loops_ring, serial_undead, serial_undead_e, serial_undead_b,
          serial_undead_b, serial_undead_d, enter_bailey_1
D:8:      layout_basic, mainiacjoe_overflow_24_doors, minmay_misc_feat_columns,
          uniq_pikel
D:9:      layout_loops_ring, due_lair_maze_entry_diamond, uniq_prince_ribbit1
D:10:     layout_loops_cross, mainiacjoe_overflow_concentric_impassable
D:11:     layout_cave_pods, ebering_dispersal_statue_hall,
          lightli_elemental_guards
D:12:     minmay_big_diamond_grid, layout_loops_ring, orc_0_dummy
D:13:     layout_cave_pools, hangedman_vaults_entry_quadrant_bands,
          nicolae_uskayaw_murder_on_the_dancefloor
D:14:     layout_small_grid, hangedman_decor_clover_reticule
D:15:     grunt_enter_depths_magical_seal, layout_basic, serial_park_tiny_1,
          kennysheep_okawaru_gauntlet
Temple:   nicolae_temple_no_exploring_needed
Lair:1:   layout_loops_ring, portal_ice_cave_entry_pillars_1, st_stairs_6,
          grunt_megastairs_1
Lair:2:   layout_misc_corridors, minmay_shoals_entry_hut, minivault_26
Lair:3:   layout_long_grid, nicolae_spider_entry_tight_spaces, lemuel_fruit_tree
Lair:4:   layout_concentric_octagons, beast_lair_carwin_4,
          infiniplex_staircase_pool_2, uniq_kirke
Lair:5:   wormcave, layout_cave_pods, hangedman_lair_caniforms_friends,
          dpeg_slime_entry_enclosed
Shoals:1: layout_shoals, nicolae_shoals_so_close, uniq_josephine
Shoals:2: nzn_motion_control, layout_shoals, ebering_ghost_xom, serial_shops,
          shop, uniq_ilsuiw
Shoals:3: layout_shoals
Spider:1: layout_chambers, gammafunk_ghost_tricky_traps,
          nicolae_spider_bug_shape
Spider:2: nicolae_spider_hilbert_zone_2 [nicolae_spider_hilbert_4_sides_1_open,
          nicolae_spider_hilbert_4_sides_1_open,
          nicolae_spider_hilbert_4_sides_1_open,
          nicolae_spider_hilbert_4_sides_1_open,
          nicolae_spider_hilbert_6_sides_1_open,
          nicolae_spider_hilbert_6_sides_1_open,
          nicolae_spider_hilbert_3_sides_1_open,
          nicolae_spider_hilbert_3_sides_1_open,
          nicolae_spider_hilbert_3_sides_1_open,
          nicolae_spider_hilbert_3_sides_1_open,
          nicolae_spider_hilbert_6_sides_1_open,
          nicolae_spider_hilbert_6_sides_1_open,
          nicolae_spider_hilbert_6_sides_1_open,
          nicolae_spider_hilbert_6_sides_1_open], hellmonk_test_site
Spider:3: layout_spider_delve, nicolae_spider_wall_of_niches
Spider:4: grunt_spider_rune_circles, nicolae_spider_not_touching_you
Orc:1:    layout_diamond_mine, basic_altar
Orc:2:    st_orc_open, layout_diamond_mine, uniq_nessos

Skill      XL: |  1  2  3  4  5  6  7  8  9 10 11 12 13 14 15 16 17 18 |
---------------+-------------------------------------------------------+-----
Unarmed Combat | 1 2 3 4 5 6 8 9 11 12 14 16 18 20 21 22 | 22.0
Fighting       | 1 2 3 4 6 7 8 10 11 12 13 14 16 17 | 17.5
Throwing       | 1 2 3 4 6 7 8 |  8.0
Armour         | 1 2 3 4 5 6 9 10 12 | 12.0
Invocations    | 2 4 6 10 | 10.0
Shields        | 2 4 5 6 7 8 |  8.2
Dodging        | 2 3 4 5 |  5.0
Stealth        | |  2.1
Spellcasting   | |  1.7
Conjurations   | |  0.7
Fire Magic     | |  2.4

Action                   |  1- 3 |  4- 6 |  7- 9 | 10-12 | 13-15 | 16-18 || total
-------------------------+-------+-------+-------+-------+-------+-------++-------
Melee: Unarmed           |   129 |   202 |   305 |   506 |  1011 |  1148 ||  3301
       Punch             |     1 |     5 |     7 |       |       |       ||    13
Throw: Javelin           |       |    46 |    30 |    11 |       |    74 ||   161
       Boomerang         |       |       |       |    75 |   203 |   168 ||   446
Invok: Heroism           |       |       |     6 |    22 |    41 |    44 ||   113
       Finesse           |       |       |       |     2 |     6 |    15 ||    23
  Use: Scroll            |     2 |    10 |     7 |     5 |     8 |     9 ||    41
       Potion            |       |     1 |     2 |     1 |     2 |    10 ||    16
 Stab: Sleeping          |     1 |       |       |       |       |       ||     1
       Petrifying        |       |       |       |       |     1 |       ||     1
       Petrified         |       |       |       |       |       |     1 ||     1
Armor: Robe              |    12 |       |       |       |       |       ||    12
       Scale mail        |    19 |    69 |    18 |       |       |       ||   106
       Chain mail        |       |       |   121 |   151 |   191 |       ||   463
       Plate armour      |       |       |       |       |    26 |   448 ||   474
Dodge: Dodged            |    56 |    87 |    95 |   262 |   352 |   451 ||  1303
Block: Buckler           |       |       |    31 |    78 |   317 |   722 ||  1148
       Reflection        |       |       |       |       |    37 |    66 ||   103

Table legend:
 A = Non-vault XP
 B = Vault XP
 C = Vault XP percentage of total XP
 D = Non-vault monster count
 E = Vault monster count
 F = Vault count percentage of total count
                 A         B        C        D         E       F
            +---------+---------+-------+---------+---------+-------
      Total |  175736 |  101287 |  36.6 |     643 |     299 |  31.7
            +---------+---------+-------+---------+---------+-------
        D:1 |      48 |       0 |   0.0 |      26 |       0 |   0.0
        D:2 |     127 |       0 |   0.0 |      22 |       0 |   0.0
        D:3 |      62 |       9 |  12.7 |      14 |       5 |  26.3
        D:4 |     167 |     120 |  41.8 |      14 |       8 |  36.4
        D:5 |     690 |     157 |  18.5 |      19 |       1 |   5.0
        D:6 |    1162 |     258 |  18.2 |      16 |       1 |   5.9
        D:7 |     819 |     551 |  40.2 |      18 |      11 |  37.9
        D:8 |     442 |     559 |  55.8 |       5 |       1 |  16.7
        D:9 |    3600 |    1358 |  27.4 |      25 |      10 |  28.6
       D:10 |    3466 |       0 |   0.0 |      24 |       0 |   0.0
       D:11 |    4709 |       0 |   0.0 |      17 |       0 |   0.0
       D:12 |    8066 |    9947 |  55.2 |      22 |      25 |  53.2
       D:13 |    4057 |    7264 |  64.2 |      13 |      19 |  59.4
       D:14 |   10963 |       0 |   0.0 |      26 |       0 |   0.0
       D:15 |    7033 |    4191 |  37.3 |      21 |       8 |  27.6
     Lair:1 |    4547 |     599 |  11.6 |      24 |       3 |  11.1
     Lair:2 |    4148 |     247 |   5.6 |      20 |       1 |   4.8
     Lair:3 |    3538 |    1233 |  25.8 |      13 |       6 |  31.6
     Lair:4 |    6973 |    3608 |  34.1 |      24 |      10 |  29.4
     Lair:5 |    7829 |   16478 |  67.8 |      26 |      74 |  74.0
   Shoals:1 |   12885 |    1960 |  13.2 |      31 |       6 |  16.2
   Shoals:2 |   14285 |    6035 |  29.7 |      29 |       9 |  23.7
   Shoals:3 |   27679 |       0 |   0.0 |      59 |       0 |   0.0
   Spider:1 |    7754 |    4777 |  38.1 |      20 |       7 |  25.9
   Spider:2 |    8538 |    9199 |  51.9 |      21 |      21 |  50.0
   Spider:3 |   14813 |    4779 |  24.4 |      27 |       6 |  18.2
   Spider:4 |   15199 |   12019 |  44.2 |      34 |      29 |  46.0
      Orc:1 |    1310 |       0 |   0.0 |      19 |       0 |   0.0
      Orc:2 |     827 |   15939 |  95.1 |      14 |      38 |  73.1
            +---------+---------+-------+---------+---------+-------
